 Dungeon Crawl Stone Soup version 0.30-a0-169-g06f667207d (webtiles) character file.

Game seed: 6053683987542465013

332468 qw the Peltast (level 21, -6/144 HPs)
             Began as a Gargoyle Fighter on Sept 29, 2022.
             Was an Elder of Okawaru.
             Killed by divine providence
             ... invoked by a daeva
              (11 damage)
             ... on level 1 of the Depths.
             The game lasted 00:20:49 (43386 turns).

qw the Peltast (Gargoyle Fighter)                  Turns: 43386, Time: 00:20:49

Health: -6/144     AC: 62    Str: 36 (38) XL:     21   Next: 79%
Magic:  8/9        EV: 14    Int:  7 (8)  God:    Okawaru [****..]
Gold:   576        SH: 31    Dex: 12 (13) Spells: 20/20 levels left

rFire   + + +      SeeInvis +    h - +8 broad axe "Bylamis" {antimagic, rF+ Str+3 Dex+4 SInv}
rCold   + . .      Faith    .    O - +3 tower shield of the Vaults {rPois rF+++ Regen+ Int-3}
rNeg    + . .      Spirit   .    J - +9 plate armour of Ceizorippo {rElec}
rPois   inf        Reflect  +    m - +0 helmet "Caelleha" {-Cast +Inv Will+ Str+3}
rElec   +          Harm     .    D - scarf {rC+ rF+}
rCorr   .          Rampage  .    y - +2 pair of gloves
Will    ++...      NoCast   +    g - +1 pair of boots of Dawn {Regen+ Str+3 Stlth+}
Stlth   ..........               G - amulet of reflection
HPRegen 1.94/turn                M - +4 ring of protection
MPRegen 0.11/turn                q - +4 ring of protection

@: about to teleport, heroic, flying
A: sickness immunity, AC +16, big wings, negative energy resistance 1,
electricity resistance, torment resistance 1, petrification resistance,
deterioration 1, wild magic 1
}: 2/15 runes: barnacled, gossamer
a: Renounce Religion, Evoke Invisibility, Heroism, Finesse


You were on level 1 of the Depths.
You worshipped Okawaru.
Okawaru was greatly pleased with you.
You visited 8 branches of the dungeon, and saw 36 of its levels.

You collected 3660 gold pieces.
You spent 3084 gold pieces at shops.


Innate Abilities, Weirdness & Mutations

You are immune to sickness and miasma.
Your stone body is resilient. (AC +16)
You are immune to poison.
Your large and strong wings let you fly.
You resist negative energy. (rN+)
You are resistant to electric shocks. (rElec)
You are resistant to unholy torment.
You are immune to petrification.
Your body sometimes deteriorates upon taking damage.
Your spells are a little harder to cast, but a little more powerful.


   Skills:
 - Level 19.0(24.0) Fighting
 - Level 18.0(23.0) Axes
 + Level 10.7(15.7) Throwing
 - Level 18.1(23.1) Armour
 - Level 7.3(12.3) Dodging
 - Level 20.1(25.1) Shields
 - Level 10.0 Invocations


You had 20 spell levels left.
You didn't know any spells.
Your spell library was empty.

Inventory:

Hand Weapons
 b - a +1 vampiric broad axe
 h - the +8 broad axe "Bylamis" (weapon) {antimagic, rF+ Str+3 Dex+4 SInv}
   (You acquired it on level 5 of the Dungeon)

   It reduces the magical energy of the wielder, and disrupts the spells and
   magical abilities of those it strikes.
   Natural abilities and divine invocations are not affected.
   Str:       It affects your strength (+3).
   Dex:       It affects your dexterity (+4).
   rF:        It protects you from fire.
   SInv:      It lets you see invisible.
Missiles
 K - 12 boomerangs
 L - a silver javelin (quivered)
Armour
 c - a scarf of shadows
 g - the +1 pair of boots of Dawn (worn) {Regen+ Str+3 Stlth+}
   (Okawaru gifted it to you on level 15 of the Dungeon)

   Str:       It affects your strength (+3).
   Regen:     It increases your rate of health regeneration.
   Stlth:     It makes you more stealthy.
 m - the +0 helmet "Caelleha" (worn) {-Cast +Inv Will+ Str+3}
   (Okawaru gifted it to you on level 3 of the Vaults)

   Str:       It affects your strength (+3).
   +Inv:      It lets you turn invisible.
   -Cast:     It prevents spellcasting.
   Will:      It increases your willpower.
 r - a +2 helmet
 u - the +4 ring mail "Evanisu" {rF+ rC+ Regen+ Int+3}
   (You found it on level 5 of the Dungeon)

   Int:       It affects your intelligence (+3).
   rF:        It protects you from fire.
   rC:        It protects you from cold.
   Regen:     It increases your rate of health regeneration.
 v - a +0 cloak
 w - a +1 hat of see invisible
 y - a +2 pair of gloves (worn)
 B - a +2 hat
 D - a scarf of resistance (worn)
 H - +0 acid dragon scales
 J - the +9 plate armour of Ceizorippo (worn) {rElec}
   (Okawaru gifted it to you on level 2 of the Vaults)

   rElec:     It insulates you from electricity.
 O - the +3 tower shield of the Vaults (worn) {rPois rF+++ Regen+ Int-3}
   (You found it on level 2 of the Spider Nest)

   Int:       It affects your intelligence (-3).
   rF:        It renders you almost immune to fire.
   rPois:     It protects you from poison.
   Regen:     It increases your rate of health regeneration.
Jewellery
 l - a ring of resist corrosion
 q - a +4 ring of protection (right hand)
 t - a ring of fire
 C - a ring of protection from fire
 E - a ring of ice
 G - an amulet of reflection (around neck)
 M - a +4 ring of protection (left hand)
 N - a ring of resist corrosion
Scrolls
 a - 8 scrolls of teleportation
 f - 16 scrolls of identify
 k - 2 scrolls of brand weapon
 n - 2 scrolls of enchant weapon
 F - 2 scrolls of enchant armour
Potions
 d - 7 potions of might
 i - 3 potions of resistance
 j - 15 potions of curing
 o - 5 potions of attraction
 p - 4 potions of lignification
 s - 4 potions of cancellation
 x - 4 potions of mutation
 z - 4 potions of magic
 A - 2 potions of haste

Dungeon Overview and Level Annotations

Branches:
Dungeon (15/15)            Temple (1/1) D:7            Lair (5/5) D:11
 Shoals (4/4) Lair:3       Spider (4/4) Lair:3        Slime (0/5) Lair:5
    Orc (2/2) D:9             Elf (0/3) Orc:2        Vaults (4/5) D:14
  Crypt (0/3) Vaults:3     Depths (1/4) D:15

Altars:
Ashenzari
Cheibriados
Dithmenos
Elyvilon
Fedhas
Gozag
Hepliaklqana
Kikubaaqudgha
Makhleb
Nemelex Xobeh
Okawaru
Qazlal
Ru
Sif Muna
Trog
Uskayaw
Vehumet
Wu Jian
Xom
Yredelemnul
Zin
The Shining One
Jiyva

Shops:
D:1 *   D:6 *   D:10 *   D:12 *   Orc:2 ([[(   Shoals:1 :   Shoals:3 [
Vaults:2 =

Portals:
Hell: Depths:1
Abyss: Depths:1
Ziggurat: Depths:1

Annotations:
D:5 3 runed translucent doors, qw's ghost, novice GrFi
D:7 2 runed translucent doors, qw's ghost, novice GrFi
D:14 1 runed translucent door, Opnastoc's ghost, journeyman MiBe
Lair:5 1 runed translucent door


Message History

You start resting.
You feel like a meek peon again.
HP restored.
The daeva calls down the wrath of the Shining One upon you.
The Shining One smites you!
The daeva shouts!
The daeva calls down the wrath of the Shining One upon you.
The Shining One smites you!
The daeva calls down the wrath of the Shining One upon you.
The Shining One smites you!
The daeva calls down the wrath of the Shining One upon you.
The Shining One smites you!
43376 ||| INVOKING Heroism.
You gain the combat prowess of a mighty hero.
The daeva calls down the wrath of the Shining One upon you.
The Shining One smites you!
The daeva calls down the wrath of the Shining One upon you.
The Shining One smites you!
Your body deteriorates!
You feel weakened.
The daeva calls down the wrath of the Shining One upon you.
The Shining One smites you!
The daeva calls down the wrath of the Shining One upon you.
The Shining One smites you!
The daeva calls down the wrath of the Shining One upon you.
The Shining One smites you!
The daeva calls down the wrath of the Shining One upon you.
The Shining One smites you!
The daeva calls down the wrath of the Shining One upon you.
The Shining One smites you!
Your body deteriorates!
You feel dopey.
43384 ||| READING 9 scrolls of teleportation.
As you read the scroll of teleportation, it crumbles to dust.
You feel strangely unstable.
The daeva calls down the wrath of the Shining One upon you.
The Shining One smites you!
The daeva calls down the wrath of the Shining One upon you.
The Shining One smites you!
The daeva calls down the wrath of the Shining One upon you.
The Shining One smites you!
You die...

#...# #...##.##......#
#)..# #...#
#..##.\A##.....# #...#
#...# #...##A##......#
#...# #...#
#....###.......# #...#
#...# #.....#..).....#
#...# #...#
#..............# #...#
#...# #>.............#
#...# #...#
#..............# #...#
#...# #.......@......#
#...# #...#
#............^.# #...#
#...#
#..............####...#
#.?.#
#.....................#
#...#
#.....................#
#...#
#......)......##.##...#
#^..#
#.............##.##...#
#...#
#.............##0##..<#
#...# #.............>#
#..)#


You could see 2 daevas.

Vanquished Creatures
  Mara (Vaults:3)
  Boris (thrice) (Vaults:2 Vaults:3 Depths:1)
  Bai Suzhen (Vaults:2)
  Xtahua (Vaults:2)
  Arachne (Spider:3)
  Zenata (Vaults:3)
  Polyphemus (Shoals:3)
  A kraken (Shoals:2)
  3 sphinxes
  Kirke (Shoals:1)
  Roxanne (D:14)
  Donald (Spider:4)
  3 fire giants
  8 emperor scorpions
  16 vault wardens
  Aizul (Vaults:3)
  3 frost giants
  4 ghost moths
  A curse skull (Vaults:3)
  3 orc warlords
  16 ironbound preservers
  A balrug (Depths:1)
  13 very ugly things
  5 stone giants
  2 broodmothers (Spider:4)
  4 ironbound thunderhulks
  12 dire elephants
  Snorg (D:11)
  An eidolon (Vaults:3)
  A fire dragon (Depths:1)
  A quicksilver dragon zombie (Depths:1)
  6 ettins
  2 merfolk javelineers
  9 merfolk impalers
  2 great orbs of eyes
  10 yaktaur captains
  5 entropy weavers
  7 vault guards
  An ice dragon (Depths:1)
  4 hydras
  A spriggan air mage (Depths:1)
  3 catoblepae
  Erolcha (Orc:1)
  4 merfolk avatars
  A rakshasa (Depths:1)
  2 alligator snapping turtles (Shoals:4)
  4 radroaches
  18 centaur warriors
  4 two-headed ogres
  5 merfolk aquamancers
  4 death knights
  11 ironbound frosthearts
  6 boulder beetles
  2 deep troll shamans (Depths:1)
  A death scarab (Spider:3)
  11 death yaks
  3 tengu warriors
  3 satyrs
  2 spriggan berserkers (Depths:1)
  2 vampire magi
  5 sun demons (D:14)
  A soul eater (D:14)
  3 spriggans (Depths:1)
  A sun moth (Spider:4)
  5 pharaoh ants
  3 sixfirhies (D:14)
  14 sea snakes
  A skeletal warrior (D:15)
  An iron troll (Depths:1)
  9 orb spiders
  3 glowing orange brains
  32 deep trolls
  8 steelbarb worms
  A golden dragon zombie (Depths:1)
  6 wizards
  17 ironbound convokers
  5 orc knights
  A tengu zombie (Depths:1)
  3 phantasmal warriors (D:15)
  5 necromancers
  7 lindwurms
  25 harpies
  15 wolf spiders
  3 deep elf pyromancers
  3 orc sorcerers (Orc:2)
  A frost giant zombie (D:15)
  6 fauns
  A fire giant zombie (Depths:1)
  10 manticores
  An iron dragon zombie (Depths:1)
  13 cyclopes
  A moth of wrath (shapeshifter) (D:14)
  23 ugly things
  A tengu skeleton (Depths:1)
  14 elephants
  Maurice (D:11)
  4 rust devils (D:14)
  A black mamba (shapeshifter) (D:14)
  A fire giant skeleton (D:15)
  2 frost giant skeletons
  6 moths of wrath
  10 merfolk sirens
  2 black mambas (Lair:3)
  A stone giant skeleton (D:15)
  5 water nymphs
  14 vault sentinels
  Joseph (D:10)
  4 smoke demons
  A gargoyle (D:11)
  2 orange demons (D:14)
  8 torpor snails
  13 cane toads
  An elf skeleton (Vaults:2)
  7 demonic crawlers
  An unseen horror (D:12)
  A spriggan zombie (Depths:1)
  3 rime drakes
  29 yaktaurs
  2 efreet
  A human zombie (Vaults:4)
  A guardian mummy (D:15)
  2 freezing wraiths (D:14)
  6 komodo dragons
  8 trolls
  A queen bee (Spider:3)
  An ice devil (D:14)
  3 hellwings (D:14)
  3 red devils (D:14)
  29 merfolk
  6 meliai (Spider:3)
  2 human skeletons
  4 polar bears
  A spriggan skeleton (D:15)
  3 tyrant leeches (Lair:5)
  A blink frog (shapeshifter) (D:14)
  29 tarantellas
  6 wind drakes
  31 slime creatures
  An ettin zombie (Vaults:2)
  9 hornets
  A dream sheep (shapeshifter) (Vaults:1)
  11 snapping turtles
  9 blink frogs
  31 jumping spiders
  2 shadows
  A wraith (D:14)
  4 ynoxinuls (D:14)
  18 culicivoras
  16 water elementals
  2 wyverns
  3 humans (Shoals:1)
  2 hogs (Shoals:1)
  3 chaos spawn (D:14)
  3 basilisks
  A neqoxec (D:14)
  54 redbacks
  7 steam dragons
  39 yaks
  11 vampire mosquitoes
  A death yak simulacrum (Orc:1)
  An acid dragon (D:12)
  A glowing shapeshifter zombie (Vaults:4)
  A warg (Orc:1)
  Edmund (D:6)
  12 water moccasins
  2 ice beasts
  2 black bears
  A sky beast (D:7)
  A black bear (shapeshifter) (D:15)
  34 orc warriors
  8 ogres
  23 wolves
  8 centaurs
  2 phantoms
  2 kobold brigands
  13 bullfrogs
  7 necrophages
  A gnoll sergeant (D:8)
  3 cane toad simulacra (Orc:1)
  6 scorpions
  2 two-headed ogre simulacra (Orc:1)
  8 wights
  15 killer bees
  A human simulacrum (Vaults:4)
  2 howler monkeys
  9 electric eels
  2 jellies
  A hound (D:5)
  25 orc priests
  Jessica (D:2)
  2 iguanas
  Terence (D:2)
  28 orc wizards
  A spriggan simulacrum (Orc:1)
  A naga simulacrum (Orc:1)
  A river rat (D:4)
  10 adders
  9 gnolls
  A shadow imp (D:7)
  4 white imps
  A dart slug (D:4)
  2 worms
  109 orcs
  3 ball pythons
  7 endoplasms
  3 giant cockroaches
  2 goblins (D:1)
  4 hobgoblins
  5 quokkas
  5 bats
  5 frilled lizards
  9 kobolds
  7 rats
  2 tentacles (Shoals:2)
1398 creatures vanquished.

Vanquished Creatures (others)
  A ghost moth (Spider:4)
  6 demonic plants (D:14)
  27 fungi
  133 plants
  3 tentacles (Shoals:2)
  9 withered plants
179 creatures vanquished.

Grand Total: 1577 creatures vanquished

Notes
Turn   | Place    | Note
-------+----------+-------------------------------------------
     0 | D:1      | qw the Gargoyle Fighter began the quest for the Orb.
     0 | D:1      | Reached XP level 1. HP: 14/14 MP: 1/1
     0 | D:1      | 0 ||| qw: Version: 0.2-a-12-gaebbb33
     0 | D:1      | 0 ||| qw: Game counter: 1282
     0 | D:1      | 0 ||| qw: Always use a shield: true
     0 | D:1      | 0 ||| qw: God list: Okawaru
     0 | D:1      | 0 ||| qw: Allow faded altars: false
     0 | D:1      | 0 ||| qw: Do Orc after D:15 true
     0 | D:1      | 0 ||| qw: Do second Lair branch before Depths: true
     0 | D:1      | 0 ||| qw: Lair rune preference: random
     0 | D:1      | 0 ||| qw: Plans: Normal, Zot:1-4, God:TSO, Crypt, Tomb,
                  | Pan, Slime:5, Hells, Abyss, Orb
     0 | D:1      | 0 ||| PLANNING D:1-11
    10 | D:1      | Reached XP level 2. HP: 19/19 MP: 2/2
   208 | D:1      | Found Obeabas's Assorted Antiques.
   251 | D:1      | Reached skill level 3 in Axes
   421 | D:1      | 421 ||| SHOPLISTING +8 mithril axe "Arga" {speed, Will+}
                  | (1615 gold, have 12).
   421 | D:1      | 421 ||| SHOPLISTING metallic silvery potion (22 gold, have
                  | 12).
   421 | D:1      | 421 ||| SHOPLISTING scroll labelled CAUCHO ZUBEC (25 gold,
                  | have 12).
   421 | D:1      | 421 ||| SHOPLISTING scroll labelled CAZEUH DUSAPT (25 gold,
                  | have 12).
   421 | D:1      | 421 ||| SHOPLISTING scroll labelled ZIYRIT JER WAGAYV (25
                  | gold, have 12).
   421 | D:1      | 421 ||| SHOPLISTING smoky grey potion (22 gold, have 12).
   509 | D:1      | Reached XP level 3. HP: 23/23 MP: 3/3
   928 | D:1      | 928 ||| UPGRADING to +0 chain mail.
   938 | D:1      | 938 ||| DROPPING +0 scale mail.
   939 | D:1      | 939 ||| DROPPING amulet of faith.
   940 | D:1      | 940 ||| READING 2 scrolls labelled HELLUP ALLUOTT.
   945 | D:1      | 945 ||| READING 2 scrolls labelled VAGITO WAAD.
   946 | D:1      | 946 ||| READING scroll labelled GES UQOECU.
  1000 | D:1      | 1000 ||| READING scroll labelled FAPYLU PUAXUDI.
  1001 | D:1      | 1001 ||| READING scroll labelled COATECZOCE.
  1065 | D:2      | Noticed Jessica
  1066 | D:2      | 1066 ||| Stepping ~*~*~tactically~*~*~ (hiding).
  1067 | D:2      | 1067 ||| Stepping ~*~*~tactically~*~*~ (hiding).
  1069 | D:2      | 1069 ||| Stepping ~*~*~tactically~*~*~ (hiding).
  1078 | D:2      | Killed Jessica
  1079 | D:2      | Reached XP level 4. HP: 28/28 MP: 4/4
  1503 | D:2      | 1503 ||| READING scroll of enchant weapon.
  1503 | D:2      | 1503 ||| ENCHANTING +1 war axe.
  1633 | D:2      | Noticed Terence
  1638 | D:2      | Killed Terence
  1834 | D:2      | 1834 ||| READING scroll labelled NIEM DYOSOTT.
  1835 | D:2      | 1835 ||| READING scroll labelled KERATHR HUHUECITUU.
  1836 | D:2      | 1836 ||| READING scroll labelled UDAHOCW PUIDWAYVO.
  1837 | D:2      | 1837 ||| READING scroll labelled VOC CIFAOQUMO.
  1838 | D:2      | 1838 ||| READING scroll labelled CAUCHO ZUBEC.
  1839 | D:2      | 1839 ||| READING scroll labelled CAZEUH DUSAPT.
  1982 | D:3      | Found a basalt altar of Yredelemnul.
  2021 | D:3      | Reached XP level 5. HP: 32/32 MP: 5/5
  2041 | D:3      | Found a faded altar of an unknown god.
  2596 | D:3      | 2596 ||| Stepping ~*~*~tactically~*~*~ (stealth).
  2852 | D:3      | 2852 ||| UPGRADING to +0 pair of gloves.
  2857 | D:3      | 2857 ||| READING scroll of enchant armour.
  2857 | D:3      | 2857 ||| ENCHANTING +0 pair of gloves.
  2858 | D:3      | 2858 ||| READING scroll labelled MOXTACR POBEMU.
  2859 | D:3      | 2859 ||| READING 2 scrolls of identify.
  2859 | D:3      | 2859 ||| IDENTIFYING silvery potion
  2860 | D:3      | 2860 ||| DROPPING potion of flight.
  2867 | D:4      | 2867 ||| PLANNING SEWER
  3174 | D:4      | 3174 ||| DROPPING +0 whip.
  3198 | D:4      | 3198 ||| FLEEEEING.
  3199 | D:4      | 3199 ||| FLEEEEING.
  3200 | D:4      | 3200 ||| FLEEEEING.
  3294 | D:4      | 3294 ||| READING scroll of enchant weapon.
  3294 | D:4      | 3294 ||| ENCHANTING +2 war axe.
  3368 | D:4      | Found a snail-covered altar of Cheibriados.
  3485 | D:4      | Found a glowing drain.
  3486 | D:4      | 3486 ||| FLEEEEING.
  3487 | D:4      | 3487 ||| FLEEEEING.
  3488 | D:4      | 3488 ||| FLEEEEING.
  3489 | D:4      | 3489 ||| FLEEEEING.
  3490 | D:4      | 3490 ||| FLEEEEING.
  3491 | D:4      | 3491 ||| FLEEEEING.
  3492 | D:4      | 3492 ||| FLEEEEING.
  3493 | D:4      | 3493 ||| FLEEEEING.
  3494 | D:4      | 3494 ||| FLEEEEING.
  3495 | D:4      | 3495 ||| FLEEEEING.
  3496 | D:4      | 3496 ||| FLEEEEING.
  3497 | D:4      | 3497 ||| FLEEEEING.
  3498 | D:4      | 3498 ||| FLEEEEING.
  3499 | D:4      | 3499 ||| FLEEEEING.
  3501 | D:4      | 3501 ||| FLEEEEING.
  3502 | D:4      | 3502 ||| FLEEEEING.
  3503 | D:4      | 3503 ||| FLEEEEING.
  3504 | D:4      | 3504 ||| FLEEEEING.
  3505 | D:4      | 3505 ||| FLEEEEING.
  3506 | D:4      | 3506 ||| FLEEEEING.
  3507 | D:4      | 3507 ||| FLEEEEING.
  3508 | D:4      | 3508 ||| FLEEEEING.
  3509 | D:4      | 3509 ||| FLEEEEING.
  3510 | D:4      | 3510 ||| FLEEEEING.
  3511 | D:4      | 3511 ||| FLEEEEING.
  3512 | D:4      | 3512 ||| FLEEEEING.
  3513 | D:4      | 3513 ||| FLEEEEING.
  3514 | D:4      | 3514 ||| FLEEEEING.
  3516 | D:4      | 3516 ||| FLEEEEING.
  3517 | D:4      | 3517 ||| FLEEEEING.
  3518 | D:4      | 3518 ||| FLEEEEING.
  3519 | D:4      | 3519 ||| FLEEEEING.
  3520 | D:4      | 3520 ||| FLEEEEING.
  3521 | D:4      | 3521 ||| FLEEEEING.
  3522 | D:4      | 3522 ||| FLEEEEING.
  3523 | D:4      | 3523 ||| FLEEEEING.
  3524 | D:4      | 3524 ||| FLEEEEING.
  3525 | D:4      | 3525 ||| FLEEEEING.
  3526 | D:4      | 3526 ||| FLEEEEING.
  3527 | D:4      | 3527 ||| FLEEEEING.
  3528 | D:4      | 3528 ||| FLEEEEING.
  3529 | D:4      | 3529 ||| FLEEEEING.
  3530 | D:4      | 3530 ||| FLEEEEING.
  3531 | D:4      | 3531 ||| FLEEEEING.
  3532 | D:4      | 3532 ||| FLEEEEING.
  3533 | D:4      | 3533 ||| FLEEEEING.
  3534 | D:4      | 3534 ||| FLEEEEING.
  3535 | D:4      | 3535 ||| FLEEEEING.
  3536 | D:4      | 3536 ||| FLEEEEING.
  3537 | D:4      | 3537 ||| FLEEEEING.
  3538 | D:4      | 3538 ||| FLEEEEING.
  3539 | D:4      | 3539 ||| FLEEEEING.
  3540 | D:4      | 3540 ||| FLEEEEING.
  3541 | D:4      | 3541 ||| FLEEEEING.
  3542 | D:4      | 3542 ||| FLEEEEING.
  3543 | D:4      | 3543 ||| FLEEEEING.
  3544 | D:4      | 3544 ||| FLEEEEING.
  3545 | D:4      | 3545 ||| FLEEEEING.
  3546 | D:4      | 3546 ||| FLEEEEING.
  3547 | D:4      | 3547 ||| FLEEEEING.
  3548 | D:4      | 3548 ||| FLEEEEING.
  3549 | D:4      | 3549 ||| FLEEEEING.
  3550 | D:4      | 3550 ||| FLEEEEING.
  3551 | D:4      | 3551 ||| STAIRDANCE
  3553 | D:3      | 3553 ||| DROPPING orb of light.
  3554 | D:3      | 3554 ||| READING scroll labelled ZIYRIT JER WAGAYV.
  3560 | D:4      | Reached XP level 6. HP: 33/38 MP: 6/6
  3560 | D:4      | 3560 ||| STAIRDANCE
  3604 | D:4      | 3604 ||| RIP SEWER
  3670 | D:4      | 3670 ||| PLANNING D:1-11
  4043 | D:4      | 4043 ||| FLEEEEING.
  4044 | D:4      | 4044 ||| FLEEEEING.
  4046 | D:4      | 4046 ||| FLEEEEING.
  4048 | D:4      | 4048 ||| FLEEEEING.
  4049 | D:4      | 4049 ||| FLEEEEING.
  4050 | D:4      | 4050 ||| FLEEEEING.
  4051 | D:4      | 4051 ||| FLEEEEING.
  4053 | D:4      | 4053 ||| FLEEEEING.
  4054 | D:4      | 4054 ||| STAIRDANCE
  4088 | D:3      | 4088 ||| UPGRADING to ring of positive energy.
  4089 | D:3      | 4089 ||| DRINKING 3 smoky grey potions.
  4090 | D:3      | 4090 ||| READING 2 scrolls of identify.
  4090 | D:3      | 4090 ||| IDENTIFYING sedimented brown potion
  4294 | D:5      | Entered Level 5 of the Dungeon
  4295 | D:5      | 4295 ||| PLANNING OSSUARY
  4314 | D:5      | 4314 ||| Stepping ~*~*~tactically~*~*~ (stealth).
  4316 | D:5      | 4316 ||| Stepping ~*~*~tactically~*~*~ (hiding).
  4322 | D:5      | Reached skill level 1 in Throwing
  4395 | D:5      | 4395 ||| Stepping ~*~*~tactically~*~*~ (stealth).
  4426 | D:5      | Reached skill level 6 in Axes
  4452 | D:5      | 4452 ||| FLEEEEING.
  4456 | D:5      | 4456 ||| FLEEEEING.
  4457 | D:5      | 4457 ||| FLEEEEING.
  4458 | D:5      | 4458 ||| FLEEEEING.
  4643 | D:5      | Reached skill level 1 in Dodging
  4643 | D:5      | Reached XP level 7. HP: 37/43 MP: 7/7
  5008 | D:5      | 5008 ||| RIP OSSUARY
  5018 | D:5      | 5018 ||| PLANNING D:1-11
  5569 | D:5      | Reached XP level 8. HP: 48/48 MP: 8/8
  5624 | D:5      | Found a runed translucent gate.
  5624 | D:5      | Found a runed translucent gate.
  5624 | D:5      | Found a runed translucent gate.
  5628 | D:5      | Noticed qw's ghost (novice GrFi)
  5628 | D:5      | Noticed qw's ghost (novice GrFi)
  5756 | D:5      | Identified the +4 ring mail "Evanisu" {rF+ rC+ Regen+
                  | Int+3}
  6019 | D:5      | 6019 ||| UPGRADING to +0 helmet.
  6024 | D:5      | 6024 ||| UPGRADING to +4 ring mail "Evanisu" {rF+ rC+
                  | Regen+ Int+3}.
  6034 | D:5      | 6034 ||| DROPPING +0 chain mail.
  6035 | D:5      | 6035 ||| READING scroll labelled ETODEERPHUUK.
  6035 | D:5      | Identified a scroll of acquirement
  6035 | D:5      | 6035 ||| ACQUIRING +8 broad axe "Bylamis" {antimagic, rF+
                  | Str+3 Dex+4 SInv}
  6035 | D:5      | Acquired the +8 broad axe "Bylamis" {antimagic, rF+ Str+3
                  | Dex+4 SInv}
  6037 | D:5      | 6037 ||| SWAPPING to +8 broad axe "Bylamis" {antimagic, rF+
                  | Str+3 Dex+4 SInv}.
  6038 | D:5      | 6038 ||| DROPPING +3 war axe.
  6039 | D:5      | 6039 ||| DRINKING 2 sedimented puce potions.
  6257 | D:6      | You fall into a shaft and drop 1 floor!
  6276 | D:7      | Found a large runed translucent door.
  6276 | D:7      | Found a large runed translucent door.
  6278 | D:7      | Noticed qw's ghost (novice GrFi)
  6500 | D:7      | 6500 ||| Stepping ~*~*~tactically~*~*~ (hiding).
  6501 | D:7      | 6501 ||| Stepping ~*~*~tactically~*~*~ (hiding).
  6529 | D:7      | Found a staircase to the Ecumenical Temple.
  6530 | D:7      | 6530 ||| PLANNING TEMPLE
  6530 | D:7      | 6530 ||| DRINKING 3 bubbling coppery potions.
  6535 | D:7      | Noticed a troll
  6549 | D:7      | HP: 12/51 [troll (7)]
  6550 | D:7      | 6550 ||| READING 5 scrolls of teleportation.
  6551 | D:7      | 6551 ||| DRINKING 2 potions of heal wounds.
  6553 | D:7      | Killed a troll
  6653 | Temple   | Entered the Ecumenical Temple
  6738 | Temple   | 6738 ||| PLANNING OKAWARU WORSHIP
  6747 | Temple   | Became a worshipper of Warmaster Okawaru
  6748 | Temple   | 6748 ||| PLANNING D:1-11
  6802 | D:7      | 6802 ||| DROPPING +0 mace of protection.
  6887 | D:6      | Reached XP level 9. HP: 56/57 MP: 3/9
  6897 | D:6      | 6897 ||| DROPPING +0 flail.
  6990 | D:6      | Noticed a two-headed ogre
  6993 | D:6      | Killed a two-headed ogre
  6993 | D:6      | Reached * piety under Okawaru
  6994 | D:6      | Reached skill level 9 in Axes
  7138 | D:6      | Noticed Edmund
  7139 | D:6      | 7139 ||| INVOKING Heroism.
  7143 | D:6      | Killed Edmund
  7144 | D:6      | Reached skill level 1 in Invocations
  7248 | D:6      | Reached skill level 4 in Shields
  7320 | D:6      | Found Uwisep's Assorted Antiques.
  7328 | D:6      | 7328 ||| BUYING potion of curing (66 gold).
  7328 | D:6      | Bought a potion of curing for 66 gold pieces
  7328 | D:6      | 7328 ||| BUYING scroll of identify (44 gold).
  7328 | D:6      | Bought a scroll of identify for 44 gold pieces
  7495 | D:6      | Identified the +6 sling "Kyriad" {vorpal, rPois rC- Str+3
                  | Int+2}
  7496 | D:6      | 7496 ||| UPGRADING to +0 cloak.
  7501 | D:6      | 7501 ||| UPGRADING to +2 pair of gloves.
  7511 | D:6      | 7511 ||| DROPPING +1 pair of gloves.
  7512 | D:6      | 7512 ||| UPGRADING to +4 ring of protection.
  7513 | D:6      | 7513 ||| UPGRADING to +6 ring of strength.
  7515 | D:6      | 7515 ||| DROPPING ring of positive energy.
  7516 | D:6      | 7516 ||| DRINKING 2 brown potions.
  7517 | D:6      | 7517 ||| READING 2 scrolls of identify.
  7517 | D:6      | 7517 ||| IDENTIFYING red potion
  7518 | D:6      | 7518 ||| DROPPING potion of ambrosia.
  7519 | D:6      | 7519 ||| DROPPING potion of brilliance.
  7646 | D:7      | Reached skill level 3 in Invocations
  7679 | D:7      | Found a burning altar of Makhleb.
  7698 | D:7      | 7698 ||| Stepping ~*~*~tactically~*~*~ (hiding).
  7699 | D:7      | 7699 ||| Stepping ~*~*~tactically~*~*~ (hiding).
  8079 | D:7      | 8079 ||| INVOKING Heroism.
  8226 | D:8      | 8226 ||| Stepping ~*~*~tactically~*~*~ (stealth).
  8228 | D:8      | 8228 ||| Stepping ~*~*~tactically~*~*~ (hiding).
  8234 | D:8      | 8234 ||| INVOKING Heroism.
  8235 | D:8      | 8235 ||| INVOKING Heroism.
  8315 | D:8      | 8315 ||| Stepping ~*~*~tactically~*~*~ (hiding).
  8319 | D:8      | Reached ** piety under Okawaru
  8442 | D:8      | 8442 ||| Stepping ~*~*~tactically~*~*~ (hiding).
  8447 | D:8      | Reached XP level 10. HP: 64/64 MP: 4/13
  8494 | D:8      | 8494 ||| READING scroll of enchant armour.
  8494 | D:8      | 8494 ||| ENCHANTING +0 helmet.
  8538 | D:8      | 8538 ||| Stepping ~*~*~tactically~*~*~ (stealth).
  8667 | D:8      | 8667 ||| INVOKING Heroism.
  9038 | D:8      | Noticed a two-headed ogre
  9039 | D:8      | 9039 ||| INVOKING Heroism.
  9048 | D:8      | Killed a two-headed ogre
  9049 | D:8      | Reached skill level 5 in Shields
  9116 | D:8      | 9116 ||| DROPPING ring of wizardry.
  9117 | D:8      | 9117 ||| READING 2 scrolls of identify.
  9117 | D:8      | 9117 ||| IDENTIFYING smoky emerald potion
  9118 | D:8      | 9118 ||| DROPPING potion of invisibility.
  9187 | D:9      | Found an ornate altar of the Wu Jian Council.
  9199 | D:9      | 9199 ||| INVOKING Heroism.
  9256 | D:9      | Found an ancient bone altar of Kikubaaqudgha.
  9267 | D:9      | Reached skill level 3 in Dodging
  9274 | D:9      | 9274 ||| INVOKING Heroism.
  9328 | D:9      | 9328 ||| Stepping ~*~*~tactically~*~*~ (hiding).
  9334 | D:9      | Reached *** piety under Okawaru
  9353 | D:9      | 9353 ||| Stepping ~*~*~tactically~*~*~ (hiding).
  9396 | D:9      | 9396 ||| Stepping ~*~*~tactically~*~*~ (stealth).
  9399 | D:9      | 9399 ||| INVOKING Heroism.
  9427 | D:9      | Found a staircase to the Orcish Mines.
  9473 | D:9      | 9473 ||| INVOKING Heroism.
  9527 | D:9      | 9527 ||| INVOKING Heroism.
  9537 | D:9      | Reached skill level 9 in Fighting
  9732 | D:9      | 9732 ||| Stepping ~*~*~tactically~*~*~ (stealth).
  9738 | D:9      | Reached **** piety under Okawaru
  9747 | D:9      | Reached XP level 11. HP: 60/71 MP: 4/14
  9826 | D:10     | Entered Level 10 of the Dungeon
  9832 | D:10     | Noticed Joseph
  9833 | D:10     | 9833 ||| Stepping ~*~*~tactically~*~*~ (hiding).
  9838 | D:10     | Noticed a two-headed ogre
  9839 | D:10     | 9839 ||| INVOKING Heroism.
  9848 | D:10     | Killed Joseph
  9850 | D:10     | Killed a two-headed ogre
  9885 | D:10     | 9885 ||| Stepping ~*~*~tactically~*~*~ (hiding).
  9886 | D:10     | 9886 ||| Stepping ~*~*~tactically~*~*~ (hiding).
  9894 | D:10     | 9894 ||| FLEEEEING.
  9895 | D:10     | 9895 ||| FLEEEEING.
  9921 | D:10     | 9921 ||| Stepping ~*~*~tactically~*~*~ (stealth).
  9931 | D:10     | 9931 ||| INVOKING Heroism.
 10006 | D:10     | 10006 ||| Stepping ~*~*~tactically~*~*~ (hiding).
 10147 | D:10     | Found Naxinac's Assorted Antiques.
 10152 | D:10     | 10152 ||| BUYING scroll of enchant weapon (270 gold).
 10152 | D:10     | Bought a scroll of enchant weapon for 270 gold pieces
 10152 | D:10     | 10152 ||| BUYING scroll of identify (72 gold).
 10152 | D:10     | Bought a scroll of identify for 72 gold pieces
 10152 | D:10     | 10152 ||| BUYING scroll of identify (72 gold).
 10152 | D:10     | Bought a scroll of identify for 72 gold pieces
 10211 | D:10     | 10211 ||| INVOKING Heroism.
 10226 | D:10     | Reached skill level 6 in Invocations
 10260 | D:10     | 10260 ||| INVOKING Heroism.
 10263 | D:10     | Noticed a two-headed ogre
 10264 | D:10     | 10264 ||| Stepping ~*~*~tactically~*~*~ (stealth).
 10272 | D:10     | Reached ***** piety under Okawaru
 10277 | D:10     | Killed a two-headed ogre
 10278 | D:10     | Reached skill level 12 in Axes
 10466 | D:10     | Found a bloodstained altar of Trog.
 10616 | D:10     | 10616 ||| INVOKING Heroism.
 10740 | D:10     | 10740 ||| READING scroll labelled WAEFIBLECO.
 10741 | D:10     | 10741 ||| READING 4 scrolls of identify.
 10741 | D:10     | 10741 ||| IDENTIFYING metallic silvery potion
 10742 | D:10     | 10742 ||| READING 3 scrolls of identify.
 10742 | D:10     | 10742 ||| IDENTIFYING fizzy red potion
 10743 | D:10     | 10743 ||| READING 2 scrolls of identify.
 10743 | D:10     | 10743 ||| IDENTIFYING fuming emerald potion
 10744 | D:10     | 10744 ||| DROPPING potion of degeneration.
 10910 | D:11     | 10910 ||| INVOKING Heroism.
 10928 | D:11     | Reached skill level 6 in Shields
 11017 | D:11     | Noticed a manticore
 11018 | D:11     | 11018 ||| INVOKING Heroism.
 11022 | D:11     | Killed a manticore
 11070 | D:11     | 11070 ||| INVOKING Heroism.
 11102 | D:11     | 11102 ||| Stepping ~*~*~tactically~*~*~ (stealth).
 11158 | D:11     | Found a staircase to the Lair.
 11260 | D:11     | Noticed a death knight
 11271 | D:11     | 11271 ||| INVOKING Heroism.
 11273 | D:11     | Killed a death knight
 11273 | D:11     | Received a gift from Okawaru
 11274 | D:11     | Reached XP level 12. HP: 36/77 MP: 3/18
 11274 | D:11     | Noticed Snorg
 11275 | D:11     | 11275 ||| FLEEEEING.
 11276 | D:11     | 11276 ||| FLEEEEING.
 11287 | D:11     | Killed Snorg
 11288 | D:11     | Reached skill level 9 in Invocations
 11359 | D:11     | Noticed Maurice
 11360 | D:11     | 11360 ||| Stepping ~*~*~tactically~*~*~ (stealth).
 11366 | D:11     | Killed Maurice
 11531 | D:11     | 11531 ||| PLANNING LAIR
 11531 | D:11     | 11531 ||| READING 3 scrolls of identify.
 11531 | D:11     | 11531 ||| IDENTIFYING glowing orange potion
 11532 | D:11     | 11532 ||| READING 2 scrolls of identify.
 11532 | D:11     | 11532 ||| IDENTIFYING murky pink potion
 11596 | Lair:1   | Entered Level 1 of the Lair of Beasts
 11615 | Lair:1   | 11615 ||| Stepping ~*~*~tactically~*~*~ (stealth).
 11616 | Lair:1   | 11616 ||| Stepping ~*~*~tactically~*~*~ (stealth).
 11620 | Lair:1   | 11620 ||| Stepping ~*~*~tactically~*~*~ (stealth).
 11621 | Lair:1   | 11621 ||| Stepping ~*~*~tactically~*~*~ (stealth).
 11623 | Lair:1   | 11623 ||| Stepping ~*~*~tactically~*~*~ (stealth).
 11664 | Lair:1   | 11664 ||| Stepping ~*~*~tactically~*~*~ (stealth).
 11772 | Lair:1   | 11772 ||| INVOKING Heroism.
 11933 | Lair:1   | Reached ****** piety under Okawaru
 11979 | Lair:1   | 11979 ||| INVOKING Heroism.
 11983 | Lair:1   | Reached skill level 3 in Throwing
 12017 | Lair:1   | 12017 ||| INVOKING Heroism.
 12129 | Lair:1   | 12129 ||| Stepping ~*~*~tactically~*~*~ (stealth).
 12132 | Lair:1   | 12132 ||| INVOKING Heroism.
 12372 | Lair:1   | 12372 ||| UPGRADING to scarf of resistance.
 12382 | Lair:1   | 12382 ||| READING 5 scrolls of identify.
 12382 | Lair:1   | 12382 ||| IDENTIFYING dark potion
 12510 | Lair:2   | Received a gift from Okawaru
 12523 | Lair:2   | 12523 ||| INVOKING Heroism.
 12567 | Lair:2   | 12567 ||| READING scroll of enchant armour.
 12567 | Lair:2   | 12567 ||| ENCHANTING +1 helmet.
 12701 | Lair:2   | 12701 ||| INVOKING Heroism.
 12950 | Lair:2   | 12950 ||| Stepping ~*~*~tactically~*~*~ (stealth).
 12952 | Lair:2   | 12952 ||| INVOKING Heroism.
 12957 | Lair:2   | 12957 ||| Stepping ~*~*~tactically~*~*~ (stealth).
 12974 | Lair:2   | 12974 ||| Stepping ~*~*~tactically~*~*~ (stealth).
 12976 | Lair:2   | 12976 ||| Stepping ~*~*~tactically~*~*~ (stealth).
 12978 | Lair:2   | 12978 ||| Stepping ~*~*~tactically~*~*~ (stealth).
 12980 | Lair:2   | 12980 ||| Stepping ~*~*~tactically~*~*~ (stealth).
 12987 | Lair:2   | 12987 ||| Stepping ~*~*~tactically~*~*~ (stealth).
 12994 | Lair:2   | 12994 ||| Stepping ~*~*~tactically~*~*~ (stealth).
 12996 | Lair:2   | 12996 ||| INVOKING Heroism.
 13214 | Lair:2   | Identified the +1 leather armour "Xuafozuc" {Regen+}
 13349 | Lair:2   | 13349 ||| DROPPING scarf of shadows.
 13350 | Lair:2   | 13350 ||| READING 6 scrolls of identify.
 13350 | Lair:2   | 13350 ||| IDENTIFYING fizzy golden potion
 13351 | Lair:2   | 13351 ||| DROPPING potion of berserk rage.
 13386 | Lair:3   | 13386 ||| INVOKING Heroism.
 13417 | Lair:3   | 13417 ||| Stepping ~*~*~tactically~*~*~ (stealth).
 13435 | Lair:3   | Reached XP level 13. HP: 72/82 MP: 6/20
 13606 | Lair:3   | 13606 ||| INVOKING Heroism.
 13614 | Lair:3   | 13614 ||| Stepping ~*~*~tactically~*~*~ (stealth).
 13650 | Lair:3   | 13650 ||| INVOKING Heroism.
 13762 | Lair:3   | Found a staircase to the Shoals.
 13859 | Lair:3   | Found a hole to the Spider Nest.
 13960 | Lair:3   | 13960 ||| READING scroll labelled QANOUM ARCHAD.
 14117 | Lair:4   | 14117 ||| Stepping ~*~*~tactically~*~*~ (stealth).
 14119 | Lair:4   | 14119 ||| Stepping ~*~*~tactically~*~*~ (stealth).
 14120 | Lair:4   | 14120 ||| INVOKING Heroism.
 14131 | Lair:4   | 14131 ||| INVOKING Finesse.
 14150 | Lair:4   | Identified the +6 scale mail of the Game of Kings {Int+3
                  | Slay+3} (Okawaru gifted it to you on level 4 of the Lair of
                  | Beasts)
 14150 | Lair:4   | Received a gift from Okawaru
 14155 | Lair:4   | Reached skill level 7 in Shields
 14198 | Lair:4   | 14198 ||| INVOKING Heroism.
 14262 | Lair:4   | 14262 ||| Stepping ~*~*~tactically~*~*~ (stealth).
 14264 | Lair:4   | 14264 ||| INVOKING Heroism.
 14276 | Lair:4   | 14276 ||| INVOKING Finesse.
 14302 | Lair:4   | 14302 ||| Stepping ~*~*~tactically~*~*~ (stealth).
 14303 | Lair:4   | 14303 ||| INVOKING Heroism.
 14415 | Lair:4   | 14415 ||| INVOKING Heroism.
 14418 | Lair:4   | 14418 ||| SWAPPING to +4 morningstar.
 14420 | Lair:4   | 14420 ||| Stepping ~*~*~tactically~*~*~ (outnumbered).
 14421 | Lair:4   | 14421 ||| Stepping ~*~*~tactically~*~*~ (outnumbered).
 14422 | Lair:4   | 14422 ||| Stepping ~*~*~tactically~*~*~ (outnumbered).
 14423 | Lair:4   | 14423 ||| INVOKING Finesse.
 14426 | Lair:4   | 14426 ||| Stepping ~*~*~tactically~*~*~ (outnumbered).
 14434 | Lair:4   | Reached skill level 15 in Axes
 14434 | Lair:4   | 14434 ||| SWAPPING to +8 broad axe "Bylamis" {antimagic,
                  | rF+ Str+3 Dex+4 SInv}.
 14502 | Lair:4   | Found an ancient bone altar of Kikubaaqudgha.
 14516 | Lair:4   | 14516 ||| INVOKING Heroism.
 14569 | Lair:4   | 14569 ||| Stepping ~*~*~tactically~*~*~ (stealth).
 14570 | Lair:4   | 14570 ||| Stepping ~*~*~tactically~*~*~ (stealth).
 14571 | Lair:4   | 14571 ||| Stepping ~*~*~tactically~*~*~ (stealth).
 14572 | Lair:4   | 14572 ||| INVOKING Heroism.
 14650 | Lair:4   | 14650 ||| INVOKING Heroism.
 14684 | Lair:4   | Reached skill level 12 in Fighting
 14873 | Lair:4   | 14873 ||| DROPPING +0 plate armour.
 14874 | Lair:4   | 14874 ||| UPGRADING to +6 scale mail of the Game of Kings
                  | {Int+3 Slay+3}.
 14884 | Lair:4   | 14884 ||| DROPPING ring of fire.
 14911 | Lair:5   | Entered Level 5 of the Lair of Beasts
 14959 | Lair:5   | Found a runed translucent door.
 14960 | Lair:5   | Noticed a fire dragon
 14961 | Lair:5   | 14961 ||| INVOKING Heroism.
 15001 | Lair:5   | 15001 ||| INVOKING Heroism.
 15014 | Lair:5   | Reached skill level 6 in Armour
 15024 | Lair:5   | 15024 ||| INVOKING Heroism.
 15025 | Lair:5   | HP: 9/86 [tyrant leech (19)]
 15026 | Lair:5   | 15026 ||| READING 12 scrolls of teleportation.
 15027 | Lair:5   | 15027 ||| DRINKING 4 potions of heal wounds.
 15066 | Lair:5   | 15066 ||| INVOKING Finesse.
 15070 | Lair:5   | Received a gift from Okawaru
 15361 | Lair:5   | 15361 ||| INVOKING Heroism.
 15365 | Lair:5   | 15365 ||| SWAPPING to +4 morningstar.
 15369 | Lair:5   | 15369 ||| INVOKING Finesse.
 15372 | Lair:5   | Gained mutation: Your large and strong wings let you fly.
                  | [Gargoyle growth]
 15372 | Lair:5   | Reached XP level 14. HP: 91/92 MP: 0/21
 15372 | Lair:5   | 15372 ||| SWAPPING to +8 broad axe "Bylamis" {antimagic,
                  | rF+ Str+3 Dex+4 SInv}.
 15474 | Lair:5   | 15474 ||| Stepping ~*~*~tactically~*~*~ (stealth).
 15476 | Lair:5   | 15476 ||| INVOKING Heroism.
 15555 | Lair:5   | 15555 ||| INVOKING Heroism.
 15597 | Lair:5   | 15597 ||| Stepping ~*~*~tactically~*~*~ (stealth).
 15600 | Lair:5   | 15600 ||| Stepping ~*~*~tactically~*~*~ (stealth).
 15602 | Lair:5   | 15602 ||| Stepping ~*~*~tactically~*~*~ (stealth).
 15606 | Lair:5   | 15606 ||| Stepping ~*~*~tactically~*~*~ (stealth).
 15609 | Lair:5   | Received a gift from Okawaru
 15657 | Lair:5   | 15657 ||| INVOKING Heroism.
 15659 | Lair:5   | 15659 ||| Stepping ~*~*~tactically~*~*~ (stealth).
 15661 | Lair:5   | 15661 ||| INVOKING Finesse.
 15875 | Lair:5   | 15875 ||| Stepping ~*~*~tactically~*~*~ (stealth).
 15929 | Lair:5   | 15929 ||| Stepping ~*~*~tactically~*~*~ (stealth).
 15932 | Lair:5   | 15932 ||| Stepping ~*~*~tactically~*~*~ (stealth).
 15938 | Lair:5   | 15938 ||| INVOKING Heroism.
 15991 | Lair:5   | 15991 ||| FLEEEEING.
 15992 | Lair:5   | 15992 ||| FLEEEEING.
 15993 | Lair:5   | 15993 ||| FLEEEEING.
 15995 | Lair:5   | 15995 ||| INVOKING Heroism.
 16060 | Lair:5   | 16060 ||| Stepping ~*~*~tactically~*~*~ (hiding).
 16062 | Lair:5   | 16062 ||| Stepping ~*~*~tactically~*~*~ (hiding).
 16082 | Lair:5   | Identified the +8 shortbow of Nynit {flame, Drain rPois rN+
                  | Will+}
 16107 | Lair:5   | Received a gift from Okawaru
 16121 | Lair:5   | 16121 ||| Stepping ~*~*~tactically~*~*~ (stealth).
 16128 | Lair:5   | 16128 ||| INVOKING Heroism.
 16133 | Lair:5   | Reached skill level 8 in Shields
 16282 | Lair:5   | Found a viscous altar of Jiyva.
 16283 | Lair:5   | Found a staircase to the Slime Pits.
 16468 | Lair:5   | 16468 ||| INVOKING Heroism.
 16596 | Lair:5   | 16596 ||| PLANNING D
 16596 | Lair:5   | 16596 ||| UPGRADING to amulet of regeneration.
 16727 | D:12     | Found Xyumom's Neck Hole.
 16736 | D:12     | 16736 ||| BUYING amulet of reflection (330 gold).
 16736 | D:12     | Bought an amulet of reflection for 330 gold pieces
 16948 | D:12     | 16948 ||| Stepping ~*~*~tactically~*~*~ (hiding).
 16950 | D:12     | 16950 ||| INVOKING Heroism.
 17094 | D:12     | 17094 ||| FLEEEEING.
 17095 | D:12     | 17095 ||| FLEEEEING.
 17096 | D:12     | 17096 ||| FLEEEEING.
 17097 | D:12     | 17097 ||| FLEEEEING.
 17098 | D:12     | 17098 ||| FLEEEEING.
 17101 | D:12     | 17101 ||| FLEEEEING.
 17145 | D:12     | 17145 ||| INVOKING Heroism.
 17146 | D:12     | 17146 ||| Stepping ~*~*~tactically~*~*~ (hiding).
 17228 | D:12     | 17228 ||| Stepping ~*~*~tactically~*~*~ (hiding).
 17229 | D:12     | 17229 ||| Stepping ~*~*~tactically~*~*~ (hiding).
 17230 | D:12     | 17230 ||| FLEEEEING.
 17231 | D:12     | 17231 ||| Stepping ~*~*~tactically~*~*~ (hiding).
 17419 | D:12     | 17419 ||| INVOKING Heroism.
 17420 | D:12     | 17420 ||| INVOKING Finesse.
 17627 | D:12     | 17627 ||| UPGRADING to amulet of reflection.
 17637 | D:12     | 17637 ||| DROPPING amulet of regeneration.
 17671 | D:13     | 17671 ||| INVOKING Heroism.
 17675 | D:13     | 17675 ||| STAIRDANCE
 17755 | D:13     | 17755 ||| STAIRDANCE
 17993 | D:13     | Received a gift from Okawaru
 18023 | D:13     | Found a broken altar of Ashenzari.
 18133 | D:13     | 18133 ||| Stepping ~*~*~tactically~*~*~ (hiding).
 18134 | D:13     | 18134 ||| Stepping ~*~*~tactically~*~*~ (hiding).
 18135 | D:13     | 18135 ||| Stepping ~*~*~tactically~*~*~ (hiding).
 18140 | D:13     | 18140 ||| INVOKING Heroism.
 18147 | D:13     | 18147 ||| READING 12 scrolls of teleportation.
 18184 | D:13     | 18184 ||| Stepping ~*~*~tactically~*~*~ (stealth).
 18186 | D:13     | 18186 ||| Stepping ~*~*~tactically~*~*~ (stealth).
 18188 | D:13     | 18188 ||| Stepping ~*~*~tactically~*~*~ (stealth).
 18190 | D:13     | 18190 ||| Stepping ~*~*~tactically~*~*~ (stealth).
 18192 | D:13     | 18192 ||| Stepping ~*~*~tactically~*~*~ (stealth).
 18196 | D:13     | 18196 ||| Stepping ~*~*~tactically~*~*~ (stealth).
 18199 | D:13     | 18199 ||| INVOKING Heroism.
 18699 | D:14     | 18699 ||| INVOKING Heroism.
 18711 | D:14     | Received a gift from Okawaru
 18793 | D:14     | 18793 ||| Stepping ~*~*~tactically~*~*~ (stealth).
 18801 | D:14     | 18801 ||| INVOKING Heroism.
 18830 | D:14     | Reached skill level 6 in Throwing
 18984 | D:14     | 18984 ||| Stepping ~*~*~tactically~*~*~ (stealth).
 19054 | D:14     | Reached XP level 15. HP: 89/96 MP: 7/22
 19090 | D:14     | Noticed Opnastoc's ghost (journeyman MiBe)
 19091 | D:14     | Found a runed translucent door.
 19111 | D:14     | 19111 ||| Stepping ~*~*~tactically~*~*~ (hiding).
 19115 | D:14     | 19115 ||| INVOKING Heroism.
 19117 | D:14     | 19117 ||| Stepping ~*~*~tactically~*~*~ (stealth).
 19118 | D:14     | Received a gift from Okawaru
 19162 | D:14     | 19162 ||| Stepping ~*~*~tactically~*~*~ (hiding).
 19164 | D:14     | 19164 ||| Stepping ~*~*~tactically~*~*~ (hiding).
 19166 | D:14     | 19166 ||| Stepping ~*~*~tactically~*~*~ (hiding).
 19175 | D:14     | 19175 ||| INVOKING Heroism.
 19181 | D:14     | 19181 ||| Stepping ~*~*~tactically~*~*~ (stealth).
 19184 | D:14     | 19184 ||| Stepping ~*~*~tactically~*~*~ (stealth).
 19209 | D:14     | 19209 ||| Stepping ~*~*~tactically~*~*~ (stealth).
 19302 | D:14     | 19302 ||| Stepping ~*~*~tactically~*~*~ (stealth).
 19303 | D:14     | 19303 ||| Stepping ~*~*~tactically~*~*~ (stealth).
 19319 | D:14     | Noticed Roxanne
 19320 | D:14     | 19320 ||| INVOKING Heroism.
 19321 | D:14     | 19321 ||| INVOKING Finesse.
 19341 | D:14     | Killed Roxanne
 19441 | D:14     | 19441 ||| INVOKING Heroism.
 19453 | D:14     | Received a gift from Okawaru
 19855 | D:14     | 19855 ||| INVOKING Heroism.
 19857 | D:14     | 19857 ||| Stepping ~*~*~tactically~*~*~ (hiding).
 19858 | D:14     | 19858 ||| Stepping ~*~*~tactically~*~*~ (hiding).
 19884 | D:14     | 19884 ||| Stepping ~*~*~tactically~*~*~ (hiding).
 19908 | D:14     | Found a gate to the Vaults.
 19934 | D:14     | 19934 ||| Stepping ~*~*~tactically~*~*~ (hiding).
 20079 | D:14     | 20079 ||| Stepping ~*~*~tactically~*~*~ (hiding).
 20080 | D:14     | 20080 ||| Stepping ~*~*~tactically~*~*~ (hiding).
 20114 | D:14     | 20114 ||| Stepping ~*~*~tactically~*~*~ (stealth).
 20166 | D:14     | 20166 ||| Stepping ~*~*~tactically~*~*~ (hiding).
 20255 | D:14     | 20255 ||| INVOKING Heroism.
 20270 | D:14     | HP: 23/98 [barbs]
 20271 | D:14     | 20271 ||| READING 11 scrolls of teleportation.
 20272 | D:14     | 20272 ||| DRINKING 3 potions of heal wounds.
 20902 | D:15     | Entered Level 15 of the Dungeon
 20904 | D:15     | 20904 ||| STAIRDANCE
 20943 | D:15     | 20943 ||| STAIRDANCE
 21083 | D:15     | 21083 ||| Stepping ~*~*~tactically~*~*~ (stealth).
 21084 | D:15     | 21084 ||| Stepping ~*~*~tactically~*~*~ (stealth).
 21108 | D:15     | Found a staircase to the Depths.
 21109 | D:15     | 21109 ||| Stepping ~*~*~tactically~*~*~ (hiding).
 21110 | D:15     | 21110 ||| Stepping ~*~*~tactically~*~*~ (hiding).
 21111 | D:15     | 21111 ||| INVOKING Heroism.
 21145 | D:15     | 21145 ||| Stepping ~*~*~tactically~*~*~ (stealth).
 21178 | D:15     | Identified the +1 pair of boots of Dawn {Regen+ Str+3
                  | Stlth+} (Okawaru gifted it to you on level 15 of the
                  | Dungeon)
 21178 | D:15     | Received a gift from Okawaru
 21215 | D:15     | 21215 ||| FLEEEEING.
 21216 | D:15     | 21216 ||| FLEEEEING.
 21217 | D:15     | 21217 ||| FLEEEEING.
 21218 | D:15     | 21218 ||| FLEEEEING.
 21285 | D:15     | 21285 ||| Stepping ~*~*~tactically~*~*~ (hiding).
 21405 | D:15     | 21405 ||| Stepping ~*~*~tactically~*~*~ (hiding).
 21582 | D:15     | 21582 ||| INVOKING Heroism.
 22220 | D:15     | 22220 ||| Stepping ~*~*~tactically~*~*~ (stealth).
 22223 | D:15     | 22223 ||| Stepping ~*~*~tactically~*~*~ (stealth).
 22254 | D:15     | 22254 ||| INVOKING Heroism.
 22572 | D:15     | 22572 ||| PLANNING ORC
 22572 | D:15     | 22572 ||| UPGRADING to +1 pair of boots of Dawn {Regen+
                  | Str+3 Stlth+}.
 22726 | Orc:1    | Entered Level 1 of the Orcish Mines
 22729 | Orc:1    | 22729 ||| INVOKING Heroism.
 22744 | Orc:1    | Noticed Erolcha
 22750 | Orc:1    | 22750 ||| INVOKING Heroism.
 22752 | Orc:1    | Killed Erolcha
 22930 | Orc:2    | Entered Level 2 of the Orcish Mines
 22931 | Orc:2    | 22931 ||| STAIRDANCE
 23035 | Orc:2    | 23035 ||| STAIRDANCE
 23037 | Orc:1    | 23037 ||| INVOKING Heroism.
 23047 | Orc:2    | Noticed an orc warlord
 23048 | Orc:2    | 23048 ||| STAIRDANCE
 23057 | Orc:2    | 23057 ||| STAIRDANCE
 23063 | Orc:2    | 23063 ||| STAIRDANCE
 23065 | Orc:1    | 23065 ||| INVOKING Finesse.
 23074 | Orc:1    | Killed an orc warlord
 23088 | Orc:2    | 23088 ||| STAIRDANCE
 23090 | Orc:1    | 23090 ||| INVOKING Heroism.
 23095 | Orc:1    | Reached skill level 9 in Armour
 23116 | Orc:2    | 23116 ||| STAIRDANCE
 23125 | Orc:2    | 23125 ||| STAIRDANCE
 23130 | Orc:2    | 23130 ||| STAIRDANCE
 23132 | Orc:1    | 23132 ||| INVOKING Heroism.
 23142 | Orc:2    | 23142 ||| STAIRDANCE
 23148 | Orc:1    | Reached skill level 18 in Axes
 23150 | Orc:2    | 23150 ||| STAIRDANCE
 23152 | Orc:1    | 23152 ||| DRINKING 9 potions of curing.
 23152 | Orc:1    | 23152 ||| (to cure confusion)
 23160 | Orc:2    | 23160 ||| STAIRDANCE
 23175 | Orc:2    | 23175 ||| STAIRDANCE
 23191 | Orc:2    | 23191 ||| INVOKING Heroism.
 23198 | Orc:2    | 23198 ||| STAIRDANCE
 23215 | Orc:2    | 23215 ||| STAIRDANCE
 23221 | Orc:2    | 23221 ||| INVOKING Heroism.
 23222 | Orc:2    | 23222 ||| STAIRDANCE
 23227 | Orc:2    | 23227 ||| STAIRDANCE
 23243 | Orc:2    | 23243 ||| Stepping ~*~*~tactically~*~*~ (hiding).
 23245 | Orc:2    | Noticed an orc warlord
 23246 | Orc:2    | 23246 ||| INVOKING Finesse.
 23270 | Orc:2    | 23270 ||| INVOKING Heroism.
 23283 | Orc:2    | Killed an orc warlord
 23284 | Orc:2    | Reached skill level 9 in Shields
 23345 | Orc:2    | 23345 ||| INVOKING Heroism.
 23350 | Orc:2    | Reached XP level 16. HP: 104/104 MP: 5/23
 23466 | Orc:2    | Found a staircase to the Elven Halls.
 23551 | Orc:2    | 23551 ||| Stepping ~*~*~tactically~*~*~ (stealth).
 23552 | Orc:2    | 23552 ||| Stepping ~*~*~tactically~*~*~ (stealth).
 23773 | Orc:2    | 23773 ||| Stepping ~*~*~tactically~*~*~ (stealth).
 23816 | Orc:2    | Found Kuhay's Armour Shoppe.
 23847 | Orc:2    | Found Eruff's Weapon Boutique.
 23921 | Orc:2    | 23921 ||| Stepping ~*~*~tactically~*~*~ (stealth).
 23923 | Orc:2    | 23923 ||| INVOKING Heroism.
 23933 | Orc:2    | Found Didyan's Antique Weapon Emporium.
 23946 | Orc:2    | Found Jeif's Antique Armour Shoppe.
 23959 | Orc:2    | 23959 ||| BUYING pair of glowing gloves (255 gold).
 23959 | Orc:2    | Bought a pair of glowing gloves for 255 gold pieces
 23959 | Orc:2    | 23959 ||| BUYING pair of runed gloves (255 gold).
 23959 | Orc:2    | Bought a pair of runed gloves for 255 gold pieces
 23959 | Orc:2    | 23959 ||| UPGRADING to +0 tower shield.
 23969 | Orc:2    | 23969 ||| DROPPING +0 buckler.
 23970 | Orc:2    | 23970 ||| DROPPING +0 pair of gloves of dexterity.
 23971 | Orc:2    | 23971 ||| DROPPING +0 pair of gloves of hurling.
 23998 | Orc:1    | 23998 ||| INVOKING Heroism.
 24010 | Orc:1    | 24010 ||| DRINKING 8 potions of curing.
 24010 | Orc:1    | 24010 ||| (to cure confusion)
 24014 | Orc:1    | 24014 ||| Stepping ~*~*~tactically~*~*~ (stealth).
 24015 | Orc:1    | 24015 ||| Stepping ~*~*~tactically~*~*~ (stealth).
 24017 | Orc:1    | 24017 ||| Stepping ~*~*~tactically~*~*~ (stealth).
 24018 | Orc:1    | 24018 ||| Stepping ~*~*~tactically~*~*~ (stealth).
 24023 | Orc:1    | 24023 ||| Stepping ~*~*~tactically~*~*~ (stealth).
 24034 | Orc:1    | 24034 ||| Stepping ~*~*~tactically~*~*~ (stealth).
 24165 | Orc:1    | 24165 ||| INVOKING Heroism.
 24215 | Orc:1    | 24215 ||| PLANNING SHOALS:1-3
 24415 | Shoals:1 | Entered Level 1 of the Shoals
 24417 | Shoals:1 | 24417 ||| INVOKING Heroism.
 24450 | Shoals:1 | Noticed Kirke
 24451 | Shoals:1 | 24451 ||| INVOKING Finesse.
 24456 | Shoals:1 | 24456 ||| INVOKING Heroism.
 24462 | Shoals:1 | Killed Kirke
 24463 | Shoals:1 | Reached skill level 10 in Shields
 24606 | Shoals:1 | Received a gift from Okawaru
 24609 | Shoals:1 | 24609 ||| Stepping ~*~*~tactically~*~*~ (stealth).
 24618 | Shoals:1 | 24618 ||| Stepping ~*~*~tactically~*~*~ (stealth).
 24620 | Shoals:1 | 24620 ||| Stepping ~*~*~tactically~*~*~ (hiding).
 24631 | Shoals:1 | Reached skill level 11 in Shields
 24636 | Shoals:1 | Found Esocs's Book Shop.
 24642 | Shoals:1 | 24642 ||| INVOKING Heroism.
 24711 | Shoals:1 | Identified the +2 eveningstar of Integrity {speed, rC++}
 24713 | Shoals:1 | 24713 ||| DROPPING +4 morningstar.
 25106 | Shoals:1 | 25106 ||| INVOKING Heroism.
 25107 | Shoals:1 | 25107 ||| INVOKING Finesse.
 25301 | Shoals:2 | 25301 ||| Stepping ~*~*~tactically~*~*~ (hiding).
 25303 | Shoals:2 | 25303 ||| Stepping ~*~*~tactically~*~*~ (hiding).
 25316 | Shoals:2 | Reached skill level 12 in Shields
 25365 | Shoals:2 | 25365 ||| Stepping ~*~*~tactically~*~*~ (hiding).
 25412 | Shoals:2 | 25412 ||| INVOKING Heroism.
 25486 | Shoals:2 | You are sucked into a shaft and drop 1 floor!
 25487 | Shoals:3 | 25487 ||| INVOKING Heroism.
 25492 | Shoals:3 | Identified the +2 pair of boots of Verdant Birdsong {Contam
                  | Rampage Int-2 SInv} (Okawaru gifted it to you on level 3 of
                  | the Shoals)
 25492 | Shoals:3 | Received a gift from Okawaru
 25493 | Shoals:3 | 25493 ||| Stepping ~*~*~tactically~*~*~ (hiding).
 25495 | Shoals:3 | 25495 ||| Stepping ~*~*~tactically~*~*~ (hiding).
 25498 | Shoals:3 | 25498 ||| Stepping ~*~*~tactically~*~*~ (hiding).
 25500 | Shoals:3 | 25500 ||| Stepping ~*~*~tactically~*~*~ (stealth).
 25509 | Shoals:3 | Reached skill level 13 in Shields
 25543 | Shoals:3 | 25543 ||| DROPPING +2 pair of boots of Verdant Birdsong
                  | {Contam Rampage Int-2 SInv}.
 25565 | Shoals:2 | 25565 ||| INVOKING Heroism.
 25566 | Shoals:2 | 25566 ||| INVOKING Finesse.
 25676 | Shoals:2 | 25676 ||| FLEEEEING.
 25713 | Shoals:2 | 25713 ||| INVOKING Heroism.
 25802 | Shoals:2 | 25802 ||| INVOKING Heroism.
 25813 | Shoals:2 | Reached skill level 14 in Shields
 25865 | Shoals:2 | 25865 ||| INVOKING Heroism.
 25919 | Shoals:2 | 25919 ||| INVOKING Heroism.
 26176 | Shoals:2 | Noticed a kraken
 26177 | Shoals:2 | 26177 ||| INVOKING Heroism.
 26184 | Shoals:2 | Killed a kraken
 26275 | Shoals:2 | 26275 ||| DROPPING +2 chain mail of fire resistance.
 26306 | Shoals:3 | 26306 ||| Stepping ~*~*~tactically~*~*~ (hiding).
 26308 | Shoals:3 | 26308 ||| Stepping ~*~*~tactically~*~*~ (hiding).
 26309 | Shoals:3 | 26309 ||| Stepping ~*~*~tactically~*~*~ (hiding).
 26378 | Shoals:3 | Noticed Polyphemus
 26378 | Shoals:3 | 26378 ||| INVOKING Heroism.
 26379 | Shoals:3 | 26379 ||| INVOKING Finesse.
 26402 | Shoals:3 | Killed Polyphemus
 26403 | Shoals:3 | Reached skill level 15 in Shields
 26403 | Shoals:3 | Reached XP level 17. HP: 102/109 MP: 1/24
 26489 | Shoals:3 | Found Rammanu's Dragon-Slaying Spoils.
 26497 | Shoals:3 | 26497 ||| BUYING +0 fire dragon scales (600 gold).
 26497 | Shoals:3 | Bought +0 fire dragon scales for 600 gold pieces
 26497 | Shoals:3 | 26497 ||| SHOPLISTING +0 gold dragon scales (800 gold, have
                  | 416).
 26497 | Shoals:3 | 26497 ||| SHOPLISTING +0 ice dragon scales (600 gold, have
                  | 416).
 26497 | Shoals:3 | 26497 ||| SHOPLISTING +2 pearl dragon scales (1084 gold,
                  | have 416).
 26497 | Shoals:3 | 26497 ||| SHOPLISTING +9 shadow dragon scales of the Hidden
                  | Vale {Rampage Drain Str+4 Dex+3 Stlth++++} (1269 gold, have
                  | 416).
 26532 | Shoals:3 | 26532 ||| INVOKING Heroism.
 26763 | Shoals:3 | 26763 ||| INVOKING Heroism.
 26764 | Shoals:3 | 26764 ||| INVOKING Finesse.
 26885 | Shoals:3 | 26885 ||| FLEEEEING.
 26886 | Shoals:3 | 26886 ||| FLEEEEING.
 26887 | Shoals:3 | 26887 ||| FLEEEEING.
 26888 | Shoals:3 | 26888 ||| FLEEEEING.
 26889 | Shoals:3 | 26889 ||| FLEEEEING.
 26890 | Shoals:3 | 26890 ||| FLEEEEING.
 26891 | Shoals:3 | 26891 ||| FLEEEEING.
 26892 | Shoals:3 | 26892 ||| FLEEEEING.
 26893 | Shoals:3 | 26893 ||| FLEEEEING.
 26894 | Shoals:3 | 26894 ||| FLEEEEING.
 26895 | Shoals:3 | 26895 ||| FLEEEEING.
 26899 | Shoals:3 | 26899 ||| Stepping ~*~*~tactically~*~*~ (hiding).
 27037 | Shoals:3 | 27037 ||| INVOKING Heroism.
 27040 | Shoals:3 | Received a gift from Okawaru
 27051 | Shoals:3 | Reached skill level 16 in Shields
 27252 | Shoals:3 | 27252 ||| PLANNING SPIDER:1-3
 27252 | Shoals:3 | 27252 ||| DROPPING +3 chain mail.
 27341 | Spider:1 | Entered Level 1 of the Spider Nest
 27352 | Spider:1 | 27352 ||| INVOKING Finesse.
 27665 | Spider:1 | 27665 ||| Stepping ~*~*~tactically~*~*~ (stealth).
 27822 | Spider:1 | 27822 ||| INVOKING Heroism.
 27860 | Spider:1 | 27860 ||| Stepping ~*~*~tactically~*~*~ (stealth).
 27864 | Spider:1 | 27864 ||| Stepping ~*~*~tactically~*~*~ (stealth).
 27866 | Spider:1 | 27866 ||| Stepping ~*~*~tactically~*~*~ (stealth).
 27870 | Spider:1 | 27870 ||| INVOKING Heroism.
 27996 | Spider:1 | Found the +9 sword of Zonguldrok {reap}
 28039 | Spider:1 | 28039 ||| Stepping ~*~*~tactically~*~*~ (hiding).
 28628 | Spider:2 | 28628 ||| STAIRDANCE
 28633 | Spider:1 | 28633 ||| DRINKING 9 potions of curing.
 28633 | Spider:1 | 28633 ||| (to cure confusion)
 28647 | Spider:2 | 28647 ||| Stepping ~*~*~tactically~*~*~ (stealth).
 28763 | Spider:2 | 28763 ||| Stepping ~*~*~tactically~*~*~ (stealth).
 28767 | Spider:2 | 28767 ||| Stepping ~*~*~tactically~*~*~ (stealth).
 28770 | Spider:2 | 28770 ||| Stepping ~*~*~tactically~*~*~ (stealth).
 28802 | Spider:2 | 28802 ||| Stepping ~*~*~tactically~*~*~ (stealth).
 28809 | Spider:2 | Reached skill level 17 in Shields
 28824 | Spider:2 | 28824 ||| INVOKING Heroism.
 28953 | Spider:2 | 28953 ||| Stepping ~*~*~tactically~*~*~ (stealth).
 28958 | Spider:2 | 28958 ||| Stepping ~*~*~tactically~*~*~ (hiding).
 28959 | Spider:2 | 28959 ||| Stepping ~*~*~tactically~*~*~ (hiding).
 28965 | Spider:2 | 28965 ||| INVOKING Heroism.
 28968 | Spider:2 | 28968 ||| INVOKING Finesse.
 29022 | Spider:2 | 29022 ||| INVOKING Finesse.
 29034 | Spider:2 | 29034 ||| Stepping ~*~*~tactically~*~*~ (stealth).
 29035 | Spider:2 | 29035 ||| Stepping ~*~*~tactically~*~*~ (stealth).
 29036 | Spider:2 | 29036 ||| Stepping ~*~*~tactically~*~*~ (stealth).
 29041 | Spider:2 | 29041 ||| Stepping ~*~*~tactically~*~*~ (stealth).
 29042 | Spider:2 | 29042 ||| Stepping ~*~*~tactically~*~*~ (stealth).
 29115 | Spider:2 | 29115 ||| Stepping ~*~*~tactically~*~*~ (stealth).
 29145 | Spider:2 | 29145 ||| Stepping ~*~*~tactically~*~*~ (stealth).
 29152 | Spider:2 | Received a gift from Okawaru
 29367 | Spider:2 | 29367 ||| INVOKING Heroism.
 29414 | Spider:2 | Identified the +3 tower shield of the Vaults {rPois rF+++
                  | Regen+ Int-3}
 29434 | Spider:2 | 29434 ||| Stepping ~*~*~tactically~*~*~ (stealth).
 29510 | Spider:2 | 29510 ||| Stepping ~*~*~tactically~*~*~ (stealth).
 29514 | Spider:2 | 29514 ||| Stepping ~*~*~tactically~*~*~ (stealth).
 29516 | Spider:2 | 29516 ||| Stepping ~*~*~tactically~*~*~ (stealth).
 29519 | Spider:2 | 29519 ||| Stepping ~*~*~tactically~*~*~ (hiding).
 30129 | Spider:2 | 30129 ||| UPGRADING to +3 tower shield of the Vaults {rPois
                  | rF+++ Regen+ Int-3}.
 30139 | Spider:2 | 30139 ||| DROPPING +0 tower shield.
 30163 | Spider:3 | Noticed Arachne
 30164 | Spider:3 | 30164 ||| INVOKING Finesse.
 30166 | Spider:3 | 30166 ||| INVOKING Heroism.
 30176 | Spider:3 | Killed Arachne
 30264 | Spider:3 | 30264 ||| Stepping ~*~*~tactically~*~*~ (stealth).
 30281 | Spider:3 | 30281 ||| INVOKING Heroism.
 30317 | Spider:3 | 30317 ||| INVOKING Finesse.
 30328 | Spider:3 | 30328 ||| READING 13 scrolls of teleportation.
 30378 | Spider:3 | 30378 ||| INVOKING Heroism.
 30431 | Spider:3 | 30431 ||| Stepping ~*~*~tactically~*~*~ (stealth).
 30432 | Spider:3 | 30432 ||| Stepping ~*~*~tactically~*~*~ (stealth).
 30439 | Spider:3 | 30439 ||| Stepping ~*~*~tactically~*~*~ (stealth).
 30458 | Spider:3 | 30458 ||| INVOKING Heroism.
 30473 | Spider:3 | 30473 ||| Stepping ~*~*~tactically~*~*~ (stealth).
 30474 | Spider:3 | 30474 ||| Stepping ~*~*~tactically~*~*~ (stealth).
 30475 | Spider:3 | 30475 ||| Stepping ~*~*~tactically~*~*~ (stealth).
 30476 | Spider:3 | 30476 ||| Stepping ~*~*~tactically~*~*~ (stealth).
 30484 | Spider:3 | Reached skill level 18 in Shields
 30568 | Spider:3 | 30568 ||| Stepping ~*~*~tactically~*~*~ (stealth).
 30569 | Spider:3 | 30569 ||| INVOKING Heroism.
 30594 | Spider:3 | 30594 ||| Stepping ~*~*~tactically~*~*~ (stealth).
 30595 | Spider:3 | 30595 ||| Stepping ~*~*~tactically~*~*~ (stealth).
 31043 | Spider:3 | 31043 ||| INVOKING Heroism.
 31081 | Spider:3 | 31081 ||| Stepping ~*~*~tactically~*~*~ (stealth).
 31124 | Spider:3 | 31124 ||| INVOKING Heroism.
 31158 | Spider:3 | 31158 ||| INVOKING Finesse.
 31164 | Spider:3 | Reached skill level 6 in Dodging
 31164 | Spider:3 | Reached XP level 18. HP: 116/116 MP: 3/25
 31165 | Spider:3 | 31165 ||| DROPPING +2 eveningstar of Integrity {speed,
                  | rC++}.
 31273 | Spider:3 | 31273 ||| INVOKING Heroism.
 31531 | Spider:3 | 31531 ||| PLANNING SHOALS:4
 31531 | Spider:3 | 31531 ||| DROPPING +1 helmet.
 31697 | Shoals:4 | Entered Level 4 of the Shoals
 31716 | Shoals:4 | 31716 ||| INVOKING Heroism.
 31752 | Shoals:4 | Identified the +1 robe of Indemnity {rPois rF+ rC+ Str-4}
 31783 | Shoals:4 | 31783 ||| Stepping ~*~*~tactically~*~*~ (hiding).
 31786 | Shoals:4 | 31786 ||| INVOKING Heroism.
 31801 | Shoals:4 | Received a gift from Okawaru
 31914 | Shoals:4 | 31914 ||| INVOKING Heroism.
 31984 | Shoals:4 | 31984 ||| Stepping ~*~*~tactically~*~*~ (hiding).
 31992 | Shoals:4 | 31992 ||| INVOKING Heroism.
 32010 | Shoals:4 | Reached skill level 15 in Fighting
 32015 | Shoals:4 | 32015 ||| Stepping ~*~*~tactically~*~*~ (hiding).
 32022 | Shoals:4 | 32022 ||| INVOKING Heroism.
 32042 | Shoals:4 | Identified the -1 tower shield "Tatzehau" {Will+ Slay+4}
                  | (Okawaru gifted it to you on level 4 of the Shoals)
 32042 | Shoals:4 | Received a gift from Okawaru
 32054 | Shoals:4 | Got a barnacled rune of Zot
 32074 | Shoals:4 | 32074 ||| Stepping ~*~*~tactically~*~*~ (hiding).
 32077 | Shoals:4 | 32077 ||| INVOKING Finesse.
 32080 | Shoals:4 | 32080 ||| Stepping ~*~*~tactically~*~*~ (hiding).
 32283 | Shoals:4 | 32283 ||| Stepping ~*~*~tactically~*~*~ (hiding).
 32288 | Shoals:4 | 32288 ||| INVOKING Heroism.
 32316 | Shoals:4 | 32316 ||| Stepping ~*~*~tactically~*~*~ (hiding).
 32443 | Shoals:4 | 32443 ||| Stepping ~*~*~tactically~*~*~ (hiding).
 32779 | Shoals:4 | 32779 ||| Stepping ~*~*~tactically~*~*~ (hiding).
 32783 | Shoals:4 | 32783 ||| INVOKING Heroism.
 32784 | Shoals:4 | 32784 ||| INVOKING Finesse.
 32927 | Shoals:4 | 32927 ||| PLANNING VAULTS:1-4
 32927 | Shoals:4 | 32927 ||| DROPPING -1 tower shield "Tatzehau" {Will+
                  | Slay+4}.
 32928 | Shoals:4 | 32928 ||| DROPPING +1 helmet of intelligence.
 32929 | Shoals:4 | 32929 ||| READING scroll labelled VIMERCH POXUCW.
 33183 | Vaults:1 | Entered Level 1 of the Vaults
 33193 | Vaults:1 | 33193 ||| INVOKING Heroism.
 33246 | Vaults:1 | 33246 ||| Stepping ~*~*~tactically~*~*~ (stealth).
 33248 | Vaults:1 | 33248 ||| Stepping ~*~*~tactically~*~*~ (hiding).
 33261 | Vaults:1 | 33261 ||| INVOKING Heroism.
 33407 | Vaults:1 | 33407 ||| INVOKING Heroism.
 33408 | Vaults:1 | 33408 ||| INVOKING Finesse.
 33411 | Vaults:1 | Reached skill level 9 in Throwing
 33598 | Vaults:1 | 33598 ||| INVOKING Heroism.
 33932 | Vaults:1 | 33932 ||| Stepping ~*~*~tactically~*~*~ (hiding).
 33934 | Vaults:1 | 33934 ||| INVOKING Heroism.
 33958 | Vaults:1 | Received a gift from Okawaru
 34147 | Vaults:1 | 34147 ||| INVOKING Heroism.
 34178 | Vaults:1 | Reached XP level 19. HP: 125/125 MP: 8/26
 34388 | Vaults:1 | 34388 ||| INVOKING Heroism.
 34455 | Vaults:1 | Reached skill level 19 in Shields
 34766 | Vaults:2 | 34766 ||| INVOKING Heroism.
 34779 | Vaults:2 | Received a gift from Okawaru
 34808 | Vaults:2 | Noticed Boris
 34809 | Vaults:2 | 34809 ||| INVOKING Finesse.
 34810 | Vaults:2 | 34810 ||| Stepping ~*~*~tactically~*~*~ (hiding).
 34811 | Vaults:2 | 34811 ||| Stepping ~*~*~tactically~*~*~ (hiding).
 34813 | Vaults:2 | 34813 ||| INVOKING Heroism.
 34827 | Vaults:2 | Killed Boris
 34827 | Vaults:2 | Identified the +9 plate armour of Ceizorippo {rElec}
                  | (Okawaru gifted it to you on level 2 of the Vaults)
 34827 | Vaults:2 | Received a gift from Okawaru
 34944 | Vaults:2 | 34944 ||| Stepping ~*~*~tactically~*~*~ (stealth).
 34952 | Vaults:2 | 34952 ||| INVOKING Heroism.
 34983 | Vaults:2 | Noticed Xtahua
 35000 | Vaults:2 | Killed Xtahua
 35025 | Vaults:2 | 35025 ||| FLEEEEING.
 35026 | Vaults:2 | 35026 ||| FLEEEEING.
 35027 | Vaults:2 | 35027 ||| FLEEEEING.
 35028 | Vaults:2 | 35028 ||| FLEEEEING.
 35029 | Vaults:2 | 35029 ||| FLEEEEING.
 35030 | Vaults:2 | 35030 ||| FLEEEEING.
 35031 | Vaults:2 | 35031 ||| FLEEEEING.
 35032 | Vaults:2 | 35032 ||| FLEEEEING.
 35033 | Vaults:2 | 35033 ||| FLEEEEING.
 35034 | Vaults:2 | 35034 ||| FLEEEEING.
 35039 | Vaults:2 | 35039 ||| INVOKING Heroism.
 35235 | Vaults:2 | 35235 ||| INVOKING Heroism.
 35428 | Vaults:2 | 35428 ||| Stepping ~*~*~tactically~*~*~ (hiding).
 35890 | Vaults:2 | 35890 ||| INVOKING Heroism.
 35992 | Vaults:2 | Found Fowk's Jewellery Shoppe.
 35996 | Vaults:2 | 35996 ||| BUYING +4 ring of protection (720 gold).
 35996 | Vaults:2 | Bought a +4 ring of protection for 720 gold pieces
 35996 | Vaults:2 | 35996 ||| SHOPLISTING ring "Upiom" {rC- MP+9 Str+8 Int+3}
                  | (862 gold, have 460).
 35996 | Vaults:2 | 35996 ||| BUYING ring of resist corrosion (400 gold).
 35996 | Vaults:2 | Bought a ring of resist corrosion for 400 gold pieces
 36023 | Vaults:2 | 36023 ||| Stepping ~*~*~tactically~*~*~ (hiding).
 36034 | Vaults:2 | Noticed Bai Suzhen
 36035 | Vaults:2 | 36035 ||| INVOKING Heroism.
 36036 | Vaults:2 | 36036 ||| INVOKING Finesse.
 36052 | Vaults:2 | Killed Bai Suzhen
 36052 | Vaults:2 | Received a gift from Okawaru
 36070 | Vaults:2 | Reached skill level 18 in Fighting
 36076 | Vaults:2 | Received a gift from Okawaru
 36198 | Vaults:2 | 36198 ||| Stepping ~*~*~tactically~*~*~ (stealth).
 36275 | Vaults:2 | 36275 ||| DROPPING +0 fire dragon scales.
 36276 | Vaults:2 | 36276 ||| DROPPING +3 chain mail of cold resistance.
 36277 | Vaults:2 | 36277 ||| UPGRADING to +9 plate armour of Ceizorippo
                  | {rElec}.
 36287 | Vaults:2 | 36287 ||| DROPPING +6 scale mail of the Game of Kings
                  | {Int+3 Slay+3}.
 36288 | Vaults:2 | 36288 ||| UPGRADING to +4 ring of protection.
 36290 | Vaults:2 | 36290 ||| DROPPING +6 ring of strength.
 36357 | Vaults:3 | 36357 ||| Stepping ~*~*~tactically~*~*~ (hiding).
 36358 | Vaults:3 | 36358 ||| Stepping ~*~*~tactically~*~*~ (hiding).
 36360 | Vaults:3 | 36360 ||| INVOKING Heroism.
 36364 | Vaults:3 | Reached XP level 20. HP: 136/136 MP: 6/27
 36369 | Vaults:3 | Noticed Boris
 36369 | Vaults:3 | 36369 ||| INVOKING Finesse.
 36382 | Vaults:3 | Killed Boris
 36456 | Vaults:3 | Noticed Mara
 36457 | Vaults:3 | 36457 ||| Stepping ~*~*~tactically~*~*~ (hiding).
 36459 | Vaults:3 | 36459 ||| Stepping ~*~*~tactically~*~*~ (hiding).
 36462 | Vaults:3 | 36462 ||| INVOKING Heroism.
 36463 | Vaults:3 | Noticed qw's illusion
 36463 | Vaults:3 | 36463 ||| INVOKING Finesse.
 36502 | Vaults:3 | Killed Mara
 36503 | Vaults:3 | Reached skill level 12 in Armour
 36550 | Vaults:3 | 36550 ||| INVOKING Finesse.
 36578 | Vaults:3 | 36578 ||| Stepping ~*~*~tactically~*~*~ (hiding).
 36579 | Vaults:3 | 36579 ||| INVOKING Heroism.
 36788 | Vaults:3 | 36788 ||| Stepping ~*~*~tactically~*~*~ (stealth).
 36792 | Vaults:3 | Identified the +0 helmet "Caelleha" {-Cast +Inv Will+
                  | Str+3} (Okawaru gifted it to you on level 3 of the Vaults)
 36792 | Vaults:3 | Received a gift from Okawaru
 36807 | Vaults:3 | 36807 ||| INVOKING Heroism.
 36810 | Vaults:3 | 36810 ||| Stepping ~*~*~tactically~*~*~ (hiding).
 36846 | Vaults:3 | Noticed Aizul
 36869 | Vaults:3 | Killed Aizul
 36878 | Vaults:3 | 36878 ||| Stepping ~*~*~tactically~*~*~ (hiding).
 37028 | Vaults:3 | 37028 ||| Stepping ~*~*~tactically~*~*~ (hiding).
 37029 | Vaults:3 | 37029 ||| Stepping ~*~*~tactically~*~*~ (hiding).
 37031 | Vaults:3 | 37031 ||| Stepping ~*~*~tactically~*~*~ (hiding).
 37038 | Vaults:3 | 37038 ||| Stepping ~*~*~tactically~*~*~ (stealth).
 37041 | Vaults:3 | 37041 ||| INVOKING Heroism.
 37081 | Vaults:3 | Noticed Zenata
 37082 | Vaults:3 | Found a staircase to the Crypt.
 37087 | Vaults:3 | 37087 ||| INVOKING Finesse.
 37112 | Vaults:3 | 37112 ||| INVOKING Heroism.
 37118 | Vaults:3 | Killed Zenata
 37220 | Vaults:3 | 37220 ||| Stepping ~*~*~tactically~*~*~ (stealth).
 37225 | Vaults:3 | 37225 ||| Stepping ~*~*~tactically~*~*~ (hiding).
 37271 | Vaults:3 | 37271 ||| INVOKING Heroism.
 37272 | Vaults:3 | 37272 ||| INVOKING Finesse.
 37372 | Vaults:3 | 37372 ||| INVOKING Heroism.
 37374 | Vaults:3 | 37374 ||| INVOKING Finesse.
 37511 | Vaults:3 | 37511 ||| Stepping ~*~*~tactically~*~*~ (hiding).
 37514 | Vaults:3 | 37514 ||| Stepping ~*~*~tactically~*~*~ (hiding).
 37725 | Vaults:3 | 37725 ||| Stepping ~*~*~tactically~*~*~ (stealth).
 37728 | Vaults:3 | 37728 ||| Stepping ~*~*~tactically~*~*~ (stealth).
 37730 | Vaults:3 | 37730 ||| INVOKING Heroism.
 37743 | Vaults:3 | Reached skill level 15 in Armour
 37861 | Vaults:3 | 37861 ||| FLEEEEING.
 37864 | Vaults:3 | 37864 ||| FLEEEEING.
 37865 | Vaults:3 | 37865 ||| FLEEEEING.
 37866 | Vaults:3 | 37866 ||| FLEEEEING.
 37867 | Vaults:3 | 37867 ||| FLEEEEING.
 37868 | Vaults:3 | 37868 ||| FLEEEEING.
 37869 | Vaults:3 | 37869 ||| FLEEEEING.
 37870 | Vaults:3 | 37870 ||| FLEEEEING.
 37876 | Vaults:3 | 37876 ||| FLEEEEING.
 37877 | Vaults:3 | 37877 ||| FLEEEEING.
 37883 | Vaults:3 | 37883 ||| FLEEEEING.
 37884 | Vaults:3 | 37884 ||| FLEEEEING.
 37885 | Vaults:3 | 37885 ||| FLEEEEING.
 37886 | Vaults:3 | 37886 ||| FLEEEEING.
 37887 | Vaults:3 | 37887 ||| FLEEEEING.
 37888 | Vaults:3 | 37888 ||| FLEEEEING.
 37889 | Vaults:3 | 37889 ||| FLEEEEING.
 37890 | Vaults:3 | 37890 ||| FLEEEEING.
 37891 | Vaults:3 | 37891 ||| FLEEEEING.
 37892 | Vaults:3 | 37892 ||| FLEEEEING.
 37893 | Vaults:3 | 37893 ||| FLEEEEING.
 37894 | Vaults:3 | 37894 ||| FLEEEEING.
 37895 | Vaults:3 | 37895 ||| FLEEEEING.
 37896 | Vaults:3 | 37896 ||| FLEEEEING.
 37902 | Vaults:3 | 37902 ||| FLEEEEING.
 37903 | Vaults:3 | 37903 ||| STAIRDANCE
 37930 | Vaults:2 | 37930 ||| Stepping ~*~*~tactically~*~*~ (hiding).
 38035 | Vaults:2 | 38035 ||| UPGRADING to +0 helmet "Caelleha" {-Cast +Inv
                  | Will+ Str+3}.
 38053 | Vaults:3 | 38053 ||| STAIRDANCE
 38275 | Vaults:3 | 38275 ||| DROPPING +6 ring of dexterity.
 38301 | Vaults:4 | 38301 ||| Stepping ~*~*~tactically~*~*~ (hiding).
 38302 | Vaults:4 | 38302 ||| Stepping ~*~*~tactically~*~*~ (hiding).
 38303 | Vaults:4 | 38303 ||| Stepping ~*~*~tactically~*~*~ (hiding).
 38306 | Vaults:4 | 38306 ||| Stepping ~*~*~tactically~*~*~ (hiding).
 38474 | Vaults:4 | 38474 ||| Stepping ~*~*~tactically~*~*~ (hiding).
 38475 | Vaults:4 | 38475 ||| Stepping ~*~*~tactically~*~*~ (hiding).
 38477 | Vaults:4 | 38477 ||| Stepping ~*~*~tactically~*~*~ (hiding).
 38479 | Vaults:4 | 38479 ||| INVOKING Heroism.
 38592 | Vaults:4 | 38592 ||| INVOKING Heroism.
 38776 | Vaults:4 | 38776 ||| Stepping ~*~*~tactically~*~*~ (stealth).
 38778 | Vaults:4 | 38778 ||| Stepping ~*~*~tactically~*~*~ (stealth).
 38780 | Vaults:4 | 38780 ||| Stepping ~*~*~tactically~*~*~ (hiding).
 38783 | Vaults:4 | 38783 ||| INVOKING Heroism.
 38786 | Vaults:4 | 38786 ||| Stepping ~*~*~tactically~*~*~ (hiding).
 38811 | Vaults:4 | 38811 ||| READING scroll of acquirement.
 38811 | Vaults:4 | 38811 ||| ACQUIRING +1 hat of see invisible
 38811 | Vaults:4 | Acquired a +1 hat of see invisible
 38880 | Vaults:4 | 38880 ||| INVOKING Heroism.
 38884 | Vaults:4 | Reached skill level 20 in Shields
 38919 | Vaults:4 | Reached XP level 21. HP: 141/141 MP: 9/28
 39114 | Vaults:4 | Received a gift from Okawaru
 39183 | Vaults:4 | Gained mutation: Your spells are a little harder to cast,
                  | but a little more powerful. [mutagenic glow]
 39203 | Vaults:4 | Gained mutation: Your body sometimes deteriorates upon
                  | taking damage. [mutagenic glow]
 39336 | Vaults:4 | 39336 ||| PLANNING SPIDER:4
 39336 | Vaults:4 | 39336 ||| DROPPING +1 helmet of intelligence.
 39685 | Spider:4 | Entered Level 4 of the Spider Nest
 39685 | Spider:4 | Noticed Donald
 39686 | Spider:4 | 39686 ||| INVOKING Heroism.
 39687 | Spider:4 | 39687 ||| INVOKING Finesse.
 39688 | Spider:4 | 39688 ||| STAIRDANCE
 39752 | Spider:4 | 39752 ||| STAIRDANCE
 39762 | Spider:4 | 39762 ||| STAIRDANCE
 39777 | Spider:4 | Killed Donald
 39806 | Spider:4 | 39806 ||| INVOKING Heroism.
 39874 | Spider:4 | 39874 ||| Stepping ~*~*~tactically~*~*~ (stealth).
 39916 | Spider:4 | 39916 ||| Stepping ~*~*~tactically~*~*~ (stealth).
 39987 | Spider:4 | 39987 ||| Stepping ~*~*~tactically~*~*~ (stealth).
 39990 | Spider:4 | 39990 ||| Stepping ~*~*~tactically~*~*~ (hiding).
 40006 | Spider:4 | 40006 ||| INVOKING Heroism.
 40030 | Spider:4 | 40030 ||| Stepping ~*~*~tactically~*~*~ (stealth).
 40036 | Spider:4 | 40036 ||| Stepping ~*~*~tactically~*~*~ (stealth).
 40055 | Spider:4 | 40055 ||| Stepping ~*~*~tactically~*~*~ (stealth).
 40072 | Spider:4 | 40072 ||| INVOKING Heroism.
 40123 | Spider:4 | 40123 ||| Stepping ~*~*~tactically~*~*~ (stealth).
 40167 | Spider:4 | 40167 ||| Stepping ~*~*~tactically~*~*~ (stealth).
 40168 | Spider:4 | 40168 ||| Stepping ~*~*~tactically~*~*~ (stealth).
 40333 | Spider:4 | Got a gossamer rune of Zot
 40573 | Spider:4 | Identified the +5 buckler "Jewichun" {rElec rC- rCorr
                  | Str-5}
 40635 | Spider:4 | 40635 ||| DROPPING scarf of shadows.
 40636 | Spider:4 | 40636 ||| READING 19 scrolls of teleportation.
 40885 | Spider:4 | 40885 ||| PLANNING DEPTHS
 41153 | Depths:1 | Entered Level 1 of the Depths
 41154 | Depths:1 | 41154 ||| INVOKING Heroism.
 41161 | Depths:1 | 41161 ||| INVOKING Finesse.
 41335 | Depths:1 | 41335 ||| Stepping ~*~*~tactically~*~*~ (stealth).
 41337 | Depths:1 | 41337 ||| Stepping ~*~*~tactically~*~*~ (stealth).
 41338 | Depths:1 | 41338 ||| Stepping ~*~*~tactically~*~*~ (stealth).
 41344 | Depths:1 | 41344 ||| INVOKING Heroism.
 41348 | Depths:1 | Identified the +9 broad axe of Descent {vorpal, rC- Str+4
                  | Dex+4} (Okawaru gifted it to you on level 1 of the Depths)
 41348 | Depths:1 | Received a gift from Okawaru
 41352 | Depths:1 | 41352 ||| Stepping ~*~*~tactically~*~*~ (hiding).
 41360 | Depths:1 | 41360 ||| Stepping ~*~*~tactically~*~*~ (hiding).
 41471 | Depths:1 | 41471 ||| DROPPING +9 broad axe of Descent {vorpal, rC-
                  | Str+4 Dex+4}.
 41519 | Depths:1 | Found a one-way gate to the infinite horrors of the Abyss.
 41534 | Depths:1 | Found a one-way gateway to a ziggurat.
 41543 | Depths:1 | 41543 ||| INVOKING Heroism.
 41545 | Depths:1 | HP: 27/144 [daeva/divine providence (14)]
 41546 | Depths:1 | 41546 ||| READING 18 scrolls of teleportation.
 41547 | Depths:1 | 41547 ||| DRINKING 13 potions of heal wounds.
 41548 | Depths:1 | 41548 ||| DRINKING 12 potions of heal wounds.
 41549 | Depths:1 | 41549 ||| DRINKING 11 potions of heal wounds.
 41592 | Depths:1 | Noticed Boris
 41593 | Depths:1 | 41593 ||| INVOKING Heroism.
 41594 | Depths:1 | 41594 ||| INVOKING Finesse.
 41611 | Depths:1 | Killed Boris
 41612 | Depths:1 | Reached skill level 18 in Armour
 41777 | Depths:1 | 41777 ||| INVOKING Heroism.
 41778 | Depths:1 | 41778 ||| INVOKING Finesse.
 41864 | Depths:1 | 41864 ||| INVOKING Heroism.
 41877 | Depths:1 | HP: 35/144 [daeva/divine providence (16)]
 41878 | Depths:1 | 41878 ||| READING 17 scrolls of teleportation.
 41878 | Depths:1 | HP: 9/144 [daeva/divine providence (16)]
 41879 | Depths:1 | 41879 ||| DRINKING 10 potions of heal wounds.
 41880 | Depths:1 | 41880 ||| DRINKING 9 potions of heal wounds.
 41972 | Depths:1 | 41972 ||| INVOKING Heroism.
 41973 | Depths:1 | 41973 ||| INVOKING Finesse.
 41974 | Depths:1 | 41974 ||| INVOKING Finesse.
 42079 | Depths:1 | Found a gateway to Hell.
 42111 | Depths:1 | Identified the +0 scale mail of Servitude {rC+}
 42146 | Depths:1 | 42146 ||| INVOKING Heroism.
 42147 | Depths:1 | 42147 ||| INVOKING Finesse.
 42373 | Depths:1 | 42373 ||| INVOKING Finesse.
 42412 | Depths:1 | 42412 ||| INVOKING Finesse.
 42567 | Depths:1 | 42567 ||| INVOKING Heroism.
 42581 | Depths:1 | HP: 28/144 [daeva/divine providence (14)]
 42582 | Depths:1 | 42582 ||| READING 17 scrolls of teleportation.
 42583 | Depths:1 | 42583 ||| DRINKING 8 potions of heal wounds.
 42678 | Depths:1 | 42678 ||| INVOKING Heroism.
 42683 | Depths:1 | HP: 35/144 [daeva/divine providence (15)]
 42684 | Depths:1 | 42684 ||| READING 16 scrolls of teleportation.
 42684 | Depths:1 | HP: 13/144 [daeva/divine providence (13)]
 42684 | Depths:1 | HP: 2/144 [daeva/divine providence (11)]
 42685 | Depths:1 | 42685 ||| DRINKING 7 potions of heal wounds.
 42686 | Depths:1 | 42686 ||| DRINKING 6 potions of heal wounds.
 42758 | Depths:1 | 42758 ||| INVOKING Heroism.
 42761 | Depths:1 | HP: 31/144 [daeva/divine providence (14)]
 42762 | Depths:1 | 42762 ||| READING 15 scrolls of teleportation.
 42763 | Depths:1 | 42763 ||| DRINKING 5 potions of heal wounds.
 42766 | Depths:1 | 42766 ||| DRINKING 4 potions of heal wounds.
 42848 | Depths:1 | 42848 ||| INVOKING Heroism.
 42860 | Depths:1 | HP: 35/144 [daeva/divine providence (14)]
 42861 | Depths:1 | 42861 ||| READING 14 scrolls of teleportation.
 42958 | Depths:1 | 42958 ||| INVOKING Heroism.
 42971 | Depths:1 | HP: 31/144 [daeva/divine providence (12)]
 42972 | Depths:1 | 42972 ||| READING 13 scrolls of teleportation.
 42972 | Depths:1 | HP: 11/144 [daeva/divine providence (11)]
 42973 | Depths:1 | 42973 ||| DRINKING 3 potions of heal wounds.
 42974 | Depths:1 | 42974 ||| DRINKING 2 potions of heal wounds.
 43040 | Depths:1 | 43040 ||| INVOKING Heroism.
 43058 | Depths:1 | 43058 ||| INVOKING Heroism.
 43058 | Depths:1 | HP: 33/144 [daeva/divine providence (15)]
 43059 | Depths:1 | 43059 ||| READING 12 scrolls of teleportation.
 43060 | Depths:1 | 43060 ||| DRINKING potion of heal wounds.
 43153 | Depths:1 | 43153 ||| INVOKING Heroism.
 43161 | Depths:1 | HP: 33/144 [daeva/divine providence (11)]
 43162 | Depths:1 | 43162 ||| READING 11 scrolls of teleportation.
 43285 | Depths:1 | 43285 ||| INVOKING Heroism.
 43304 | Depths:1 | HP: 32/144 [daeva/divine providence (12)]
 43305 | Depths:1 | 43305 ||| READING 10 scrolls of teleportation.
 43376 | Depths:1 | 43376 ||| INVOKING Heroism.
 43383 | Depths:1 | HP: 25/144 [daeva/divine providence (15)]
 43384 | Depths:1 | 43384 ||| READING 9 scrolls of teleportation.
 43386 | Depths:1 | HP: 5/144 [daeva/divine providence (14)]
 43386 | Depths:1 | Killed from afar by a daeva

Levels and vault maps discovered:
D:1:      wander_arrival_fairy_ring, layout_basic, serial_shops, shop,
          kennysheep_small_spiral
D:2:      layout_loops_ring, uniq_terence, uniq_jessica
D:3:      layout_basic, yredelemnul_altar_generic, basic_ecumenical_altar,
          minivault_4
D:4:      layout_loops_corners, kennysheep_slug_shrine, portal_sewer_entry_a
D:5:      layout_basic, gammafunk_ghost_cemetery, chequers_ossuary_entry_cave
D:6:      layout_basic, serial_shops, shop, uniq_edmund
D:7:      layout_basic, lightli_temple_of_fire, minmay_temple_entry_tees,
          ebering_ghost_disaster_area, chequers_serial_rivers_large_a
D:8:      layout_basic, serial_rivers, chequers_serial_rivers_micro_d,
          chequers_serial_rivers_micro_e, chequers_serial_rivers_micro_a,
          chequers_serial_rivers_small_a, grunt_decor_junction
D:9:      layout_small_grid, mainiacjoe_overflow_large_starburst, orc_0_dummy
D:10:     layout_loops_ring, marbit_many_paths, serial_shops, shop,
          chequers_garden, chequers_serial_rivers_micro_c, grunt_ministairs_8,
          corexii_corridor_pit, uniq_joseph
D:11:     minmay_wavy_crystal, layout_small_grid, david_lair_generic,
          uniq_maurice, uniq_snorg
D:12:     layout_basic, nicolae_shop_sticking_my_neck_out
D:13:     layout_small_grid, cheibrodos_ashenzari_chains
D:14:     layout_irregular_city, david_vaults_4, hellmonk_ghost_happy_afterlife,
          serial_demonic, serial_demonic_d, serial_demonic_f, serial_demonic_g,
          serial_demonic_e, serial_demonic_a, serial_demonic_d,
          serial_demonic_f, serial_demonic_g, serial_demonic_d,
          serial_demonic_b, kennysheep_boxes, uniq_roxanne
D:15:     gammafunk_depths_entry_grave, layout_basic, minmay_misc_feat_x
Temple:   lightli_temple_of_artemis
Lair:1:   layout_regular_city, fungi_pond_lemuel, dpeg_stationary_puzzle,
          grunt_megastairs_5, infiniplex_staircase_pool
Lair:2:   layout_cave_pods, roderic_carrion_pond
Lair:3:   layout_big_grid, elwin_shoals_entry_rooms, spider_nest_entry_rubble,
          grunt_megastairs_1
Lair:4:   layout_misc_corridors, basic_altar, serial_bayou_crossing
Lair:5:   wormcave, layout_cave_pods, slime_entry_1, lemuel_fruit_fields
Shoals:1: layout_shoals, serial_shops, shop, nicolae_shoals_drake_roost,
          uniq_kirke
Shoals:2: layout_shoals, st_cyclops
Shoals:3: layout_shoals, nicolae_shop_dragon_depot, uniq_polyphemus
Shoals:4: shoals_end_grunt_ice, layout_shoals
Spider:1: layout_chambers, guppyfry_spider_mini_3
Spider:2: layout_chambers, nicolae_spider_shape
Spider:3: layout_cave_pods, nicolae_looking_at_the_future, uniq_arachne
Spider:4: guppyfry_spider_rune, nicolae_spider_orb_run, uniq_donald
Orc:1:    layout_diamond_mine, portal_ice_cave_entry_ice_simulacra, uniq_erolcha
Orc:2:    grunt_orc_community_town_hall, layout_caves,
          grunt_orc_community_big_house_1, grunt_orc_community_big_house_1,
          grunt_orc_community_house_3, grunt_orc_community_house_3,
          grunt_orc_community_house_2, grunt_orc_community_house_1,
          grunt_orc_community_house_2, nicolae_orc_rockfall
Vaults:1: nicolae_vaults_three_branches, st_star, dpeg_vaults_monster_row,
          hangedman_vaults_stagger, v_alt_pattern_2, v_misc_16, v_misc_13,
          ontoclasm_vaults_ring_square, vaults_dpeg_ring, vaults_mumra_lcd,
          layout_vaults_omnigrid
Vaults:2: vaults_standard_mumra_x, serial_ice_h, vaults_room_door_hall,
          ontoclasm_vaults_gateway, v_misc_22, grunt_vaults_swirl,
          ontoclasm_vaults_pinch, nicolae_vaults_border_crossing,
          vaults_standard_mumra_lines, nicolae_vaults_alarming,
          vaults_dpeg_cross, nicolae_vaults_gold_heap, layout_vaults_big_room,
          serial_shops, shop, uniq_bai_suzhen, uniq_xtahua, uniq_boris
Vaults:3: hangedman_vaults_pinch, minmay_crypt_entry_simple_corners,
          v_pattern_5, dpeg_vaults_monster_box, vaults_room_pool,
          vaults_room_glass_cross, ontoclasm_vaults_ring_square,
          nicolae_vaults_asterisk, v_misc_17, vaults_room_grunt_arrival_ludios,
          v_alt_pattern_1, hangedman_vaults_trim, ontoclasm_vaults_hangar,
          layout_vaults_maze_bifur, uniq_zenata, uniq_aizul, uniq_mara
Vaults:4: vaults_room_corners, hangedman_vaults_unwind, v_misc_33,
          nicolae_vaults_big_ls, ontoclasm_vaults_ligature,
          nicolae_vaults_puzzle_piece, nicolae_vaults_ninety_degrees, v_misc_17,
          ontoclasm_vaults_fault, vaults_dpeg_hooks, layout_vaults_ring
Depths:1: layout_long_grid, enter_ziggurat_c, minmay_misc_feat_hallway,
          abyss_entry, lightli_too_deep, lemuel_flamethrower_3

Skill      XL: |  1  2  3  4  5  6  7  8  9 10 11 12 13 14 15 16 17 18 19 20 21 |
---------------+----------------------------------------------------------------+-----
Axes           | 2 3 4 5 6 7 8 10 11 12 13 15 16 18 | 18.0
Fighting       | 4 7 9 10 12 13 14 16 18 19 | 19.0
Throwing       | 1 3 6 7 9 10 | 10.7
Dodging        | 1 2 3 4 5 6 7 |  7.3
Invocations    | 4 8 10 | 10.0
Shields        | 4 5 6 7 8 9 15 18 19 20 | 20.1
Armour         | 4 5 7 9 10 11 16 18 | 18.1

Action                   |  1- 3 |  4- 6 |  7- 9 | 10-12 | 13-15 | 16-18 | 19-21 || total
-------------------------+-------+-------+-------+-------+-------+-------+-------++-------
Melee: War axe           |    88 |   198 |    67 |       |       |       |       ||   353
       Broad axe         |       |       |   114 |   411 |   891 |  1092 |  1215 ||  3723
       Morningstar       |       |       |       |       |    12 |       |       ||    12
Throw: Boomerang         |       |     3 |     3 |    33 |   113 |    77 |   110 ||   339
       Javelin           |       |       |       |    20 |    26 |    90 |    55 ||   191
Invok: Heroism           |       |       |     3 |    25 |    47 |    45 |    43 ||   163
       Finesse           |       |       |       |       |    10 |    14 |    16 ||    40
  Use: Scroll            |     5 |    13 |     3 |    11 |     4 |     2 |    13 ||    51
       Potion            |       |     1 |     4 |       |     3 |     2 |    13 ||    23
 Stab: Distracted        |       |       |       |       |     1 |     1 |     1 ||     3
       Petrifying        |       |       |       |       |       |     3 |       ||     3
Armor: Scale mail        |    32 |       |       |       |   315 |   316 |    76 ||   739
       Chain mail        |     3 |   125 |    41 |       |       |       |       ||   169
       Ring mail         |       |       |    65 |   186 |    43 |       |       ||   294
       Plate armour      |       |       |       |       |       |       |   209 ||   209
Dodge: Dodged            |    44 |    52 |    86 |   189 |   382 |   213 |   176 ||  1142
Block: Buckler           |    10 |    37 |    35 |    93 |   337 |     5 |       ||   517
       Reflection        |       |       |       |       |    19 |    53 |    72 ||   144
       Tower shield      |       |       |       |       |       |  1069 |  1104 ||  2173

Table legend:
 A = Non-vault XP
 B = Vault XP
 C = Vault XP percentage of total XP
 D = Non-vault monster count
 E = Vault monster count
 F = Vault count percentage of total count
                 A         B        C        D         E       F
            +---------+---------+-------+---------+---------+-------
      Total |  335320 |  238351 |  41.5 |     933 |     461 |  33.1
            +---------+---------+-------+---------+---------+-------
        D:1 |      46 |       0 |   0.0 |      22 |       0 |   0.0
        D:2 |      39 |      73 |  65.2 |       8 |       2 |  20.0
        D:3 |      37 |       0 |   0.0 |      16 |       0 |   0.0
        D:4 |     194 |      32 |  14.2 |      13 |       4 |  23.5
        D:5 |     799 |       0 |   0.0 |      29 |       0 |   0.0
        D:6 |    1660 |     157 |   8.6 |      12 |       1 |   7.7
        D:7 |    1169 |       0 |   0.0 |      20 |       0 |   0.0
        D:8 |    1642 |       0 |   0.0 |      23 |       0 |   0.0
        D:9 |    3435 |       0 |   0.0 |      29 |       0 |   0.0
       D:10 |    3246 |     901 |  21.7 |      17 |       6 |  26.1
       D:11 |    3041 |    3833 |  55.8 |      14 |       9 |  39.1
       D:12 |    6420 |       0 |   0.0 |      21 |       0 |   0.0
       D:13 |    4286 |       0 |   0.0 |      13 |       0 |   0.0
       D:14 |    7139 |   18472 |  72.1 |      20 |      38 |  65.5
       D:15 |    9376 |    4714 |  33.5 |      21 |       9 |  30.0
     Lair:1 |    4617 |     409 |   8.1 |      17 |       4 |  19.0
     Lair:2 |    4767 |     503 |   9.5 |      25 |       6 |  19.4
     Lair:3 |    2309 |    2055 |  47.1 |       6 |       6 |  50.0
     Lair:4 |   14598 |       0 |   0.0 |      37 |       0 |   0.0
     Lair:5 |   11510 |    6043 |  34.4 |      34 |      16 |  32.0
   Shoals:1 |   14006 |    3947 |  22.0 |      28 |      12 |  30.0
   Shoals:2 |   18271 |    4415 |  19.5 |      34 |       8 |  19.0
   Shoals:3 |   15585 |    4833 |  23.7 |      32 |       5 |  13.5
   Shoals:4 |    5457 |   20161 |  78.7 |      14 |      31 |  68.9
   Spider:1 |    7691 |    1230 |  13.8 |      24 |       6 |  20.0
   Spider:2 |   14592 |    6525 |  30.9 |      45 |       8 |  15.1
   Spider:3 |   22949 |    4110 |  15.2 |      51 |      16 |  23.9
   Spider:4 |   17229 |   19008 |  52.5 |      39 |      39 |  50.0
      Orc:1 |    6702 |    2806 |  29.5 |      81 |      28 |  25.7
      Orc:2 |    1341 |    4146 |  75.6 |       8 |      48 |  85.7
   Vaults:1 |   22639 |   32188 |  58.7 |      32 |      38 |  54.3
   Vaults:2 |   28591 |   41032 |  58.9 |      42 |      48 |  53.3
   Vaults:3 |   25769 |   36253 |  58.5 |      37 |      43 |  53.8
   Vaults:4 |   15844 |   18602 |  54.0 |      23 |      27 |  54.0
   Depths:1 |   38324 |    1903 |   4.7 |      46 |       3 |   6.1
            +---------+---------+-------+---------+---------+-------
